Workbook

Sheet Panel
A1: Contabilidad doméstica inteligente
A2: Panel de control listo para usar: ingresos, gasto esencial, deseos, ahorro, balance y seguimiento del presupuesto.
A4: Mes analizado | B4: Septiembre | D4: Año | E4: 2025 | G4: Inicio | H4: =DATE($E$4,MATCH($B$4,Listas!$B$2:$B$13,0),1) -> 45901 | I4: Fin | K4: Último movimiento | L4: =MAX(Movimientos!$A$9:$A$400) -> 46019
A6: Ingresos reales | D6: Necesidades | G6: Deseos | J6: Ahorro aportado
A7: =SUMIFS(Movimientos!$L$9:$L$400,Movimientos!$A$9:$A$400,">="&$H$4,Movimientos!$A$9:$A$400,"<"&EDATE($H$4,1),Movimientos!$D$9:$D$400,"Ingreso") -> 2724.34 | D7: =SUMIFS(Movimientos!$L$9:$L$400,Movimientos!$A$9:$A$400,">="&$H$4,Movimientos!$A$9:$A$400,"<"&EDATE($H$4,1),Movimientos!$D$9:$D$400,"Gasto",Movimientos!$H$9:$H$400,"Necesidades") -> 1581.46 | G7: =SUMIFS(Movimientos!$L$9:$L$400,Movimientos!$A$9:$A$400,">="&$H$4,Movimientos!$A$9:$A$400,"<"&EDATE($H$4,1),Movimientos!$D$9:$D$400,"Gasto",Movimientos!$H$9:$H$400,"Deseos") -> 67.59 | J7: =SUMIFS(Movimientos!$L$9:$L$400,Movimientos!$A$9:$A$400,">="&$H$4,Movimientos!$A$9:$A$400,"<"&EDATE($H$4,1),Movimientos!$D$9:$D$400,"Ahorro") -> 309.18
A11: Balance del mes | D11: % ahorro | G11: Gasto fijo | J11: Gasto variable
A12: =SUMIFS(Movimientos!$M$9:$M$400,Movimientos!$A$9:$A$400,">="&$H$4,Movimientos!$A$9:$A$400,"<"&EDATE($H$4,1)) -> 766.11 | D12: =IF(A7=0,"",J7/A7) -> 0.11348804 | G12: =SUMIFS(Movimientos!$L$9:$L$400,Movimientos!$A$9:$A$400,">="&$H$4,Movimientos!$A$9:$A$400,"<"&EDATE($H$4,1),Movimientos!$D$9:$D$400,"Gasto",Movimientos!$I$9:$I$400,"Fijo") -> 1104.9 | J12: =SUMIFS(Movimientos!$L$9:$L$400,Movimientos!$A$9:$A$400,">="&$H$4,Movimientos!$A$9:$A$400,"<"&EDATE($H$4,1),Movimientos!$D$9:$D$400,"Gasto",Movimientos!$I$9:$I$400,"Variable") -> 544.15
A15: Chequeo 50/30/20 | G15: Presupuesto vs. real por categoría
A16: Grupo | B16: Objetivo | C16: Real € | D16: Real % | E16: Estado | G16: Categoría | H16: Presupuesto | I16: Real | J16: Desviación | K16: Uso | L16: Estado
A17: Necesidades | B17: 0.5 | C17: =D7 -> 1581.46 | D17: =IF($A$7=0,"",C17/$A$7) -> 0.58049289 | E17: =IF(D17<=0.5,"Dentro",IF(D17<=0.55,"Vigilar","Exceso")) -> Exceso | G17: Vivienda | H17: =SUMIFS(Presupuesto!$E$8:$E$400,Presupuesto!$A$8:$A$400,$H$4,Presupuesto!$C$8:$C$400,$G17) -> 1068 | I17: =SUMIFS(Presupuesto!$F$8:$F$400,Presupuesto!$A$8:$A$400,$H$4,Presupuesto!$C$8:$C$400,$G17) -> 1062.9 | J17: =IF(H17="","",I17-H17) -> -5.1 | K17: =IF(H17=0,"",I17/H17) -> 0.99522472 | L17: =IF(G17="Ahorro planificado",IF(K17>=1,"Bien",IF(K17>=0.9,"Vigilar","Bajo")),IF(K17<=1,"Bien",IF(K17<=1.1,"Vigilar","Exceso"))) -> Bien
A18: Deseos | B18: 0.3 | C18: =G7 -> 67.59 | D18: =IF($A$7=0,"",C18/$A$7) -> 0.024809679 | E18: =IF(D18<=0.3,"Dentro",IF(D18<=0.35,"Vigilar","Exceso")) -> Dentro | G18: Alimentación | H18: =SUMIFS(Presupuesto!$E$8:$E$400,Presupuesto!$A$8:$A$400,$H$4,Presupuesto!$C$8:$C$400,$G18) -> 415 | I18: =SUMIFS(Presupuesto!$F$8:$F$400,Presupuesto!$A$8:$A$400,$H$4,Presupuesto!$C$8:$C$400,$G18) -> 438.35 | J18: =IF(H18="","",I18-H18) -> 23.35 | K18: =IF(H18=0,"",I18/H18) -> 1.0562651 | L18: =IF(G18="Ahorro planificado",IF(K18>=1,"Bien",IF(K18>=0.9,"Vigilar","Bajo")),IF(K18<=1,"Bien",IF(K18<=1.1,"Vigilar","Exceso"))) -> Vigilar
A19: Ahorro | B19: 0.2 | C19: =J7 -> 309.18 | D19: =IF($A$7=0,"",C19/$A$7) -> 0.11348804 | E19: =IF(D19>=0.2,"Dentro",IF(D19>=0.15,"Vigilar","Bajo")) -> Bajo | G19: Movilidad | H19: =SUMIFS(Presupuesto!$E$8:$E$400,Presupuesto!$A$8:$A$400,$H$4,Presupuesto!$C$8:$C$400,$G19) -> 54 | I19: =SUMIFS(Presupuesto!$F$8:$F$400,Presupuesto!$A$8:$A$400,$H$4,Presupuesto!$C$8:$C$400,$G19) -> 38.21 | J19: =IF(H19="","",I19-H19) -> -15.79 | K19: =IF(H19=0,"",I19/H19) -> 0.70759259 | L19: =IF(G19="Ahorro planificado",IF(K19>=1,"Bien",IF(K19>=0.9,"Vigilar","Bajo")),IF(K19<=1,"Bien",IF(K19<=1.1,"Vigilar","Exceso"))) -> Bien
G20: Salud y cuidado | H20: =SUMIFS(Presupuesto!$E$8:$E$400,Presupuesto!$A$8:$A$400,$H$4,Presupuesto!$C$8:$C$400,$G20) -> 36 | I20: =SUMIFS(Presupuesto!$F$8:$F$400,Presupuesto!$A$8:$A$400,$H$4,Presupuesto!$C$8:$C$400,$G20) -> 18 | J20: =IF(H20="","",I20-H20) -> -18 | K20: =IF(H20=0,"",I20/H20) -> 0.5 | L20: =IF(G20="Ahorro planificado",IF(K20>=1,"Bien",IF(K20>=0.9,"Vigilar","Bajo")),IF(K20<=1,"Bien",IF(K20<=1.1,"Vigilar","Exceso"))) -> Bien
G21: Ocio y cultura | H21: =SUMIFS(Presupuesto!$E$8:$E$400,Presupuesto!$A$8:$A$400,$H$4,Presupuesto!$C$8:$C$400,$G21) -> 90 | I21: =SUMIFS(Presupuesto!$F$8:$F$400,Presupuesto!$A$8:$A$400,$H$4,Presupuesto!$C$8:$C$400,$G21) -> 46 | J21: =IF(H21="","",I21-H21) -> -44 | K21: =IF(H21=0,"",I21/H21) -> 0.51111111 | L21: =IF(G21="Ahorro planificado",IF(K21>=1,"Bien",IF(K21>=0.9,"Vigilar","Bajo")),IF(K21<=1,"Bien",IF(K21<=1.1,"Vigilar","Exceso"))) -> Bien
A22: Evolución mensual | G22: Desarrollo personal | H22: =SUMIFS(Presupuesto!$E$8:$E$400,Presupuesto!$A$8:$A$400,$H$4,Presupuesto!$C$8:$C$400,$G22) -> 40 | I22: =SUMIFS(Presupuesto!$F$8:$F$400,Presupuesto!$A$8:$A$400,$H$4,Presupuesto!$C$8:$C$400,$G22) -> 21.59 | J22: =IF(H22="","",I22-H22) -> -18.41 | K22: =IF(H22=0,"",I22/H22) -> 0.53975 | L22: =IF(G22="Ahorro planificado",IF(K22>=1,"Bien",IF(K22>=0.9,"Vigilar","Bajo")),IF(K22<=1,"Bien",IF(K22<=1.1,"Vigilar","Exceso"))) -> Bien
A23: Mes | B23: Ingresos | C23: Necesidades | D23: Deseos | E23: Ahorro | F23: Balance | G23: Tecnología | H23: =SUMIFS(Presupuesto!$E$8:$E$400,Presupuesto!$A$8:$A$400,$H$4,Presupuesto!$C$8:$C$400,$G23) -> 24 | I23: =SUMIFS(Presupuesto!$F$8:$F$400,Presupuesto!$A$8:$A$400,$H$4,Presupuesto!$C$8:$C$400,$G23) -> 24 | J23: =IF(H23="","",I23-H23) -> 0 | K23: =IF(H23=0,"",I23/H23) -> 1 | L23: =IF(G23="Ahorro planificado",IF(K23>=1,"Bien",IF(K23>=0.9,"Vigilar","Bajo")),IF(K23<=1,"Bien",IF(K23<=1.1,"Vigilar","Exceso"))) -> Bien
A24: Enero | B24: =SUMIFS(Movimientos!$L$9:$L$400,Movimientos!$A$9:$A$400,">="&DATE($E$4,1,1),Movimientos!$A$9:$A$400,"<"&EDATE(DATE($E$4,1,1),1),Movimientos!$D$9:$D$400,"Ingreso") -> 2436.35 | C24: =SUMIFS(Movimientos!$L$9:$L$400,Movimientos!$A$9:$A$400,">="&DATE($E$4,1,1),Movimientos!$A$9:$A$400,"<"&EDATE(DATE($E$4,1,1),1),Movimientos!$D$9:$D$400,"Gasto",Movimientos!$H$9:$H$400,"Necesidades") -> 1578.69 | D24: =SUMIFS(Movimientos!$L$9:$L$400,Movimientos!$A$9:$A$400,">="&DATE($E$4,1,1),Movimientos!$A$9:$A$400,"<"&EDATE(DATE($E$4,1,1),1),Movimientos!$D$9:$D$400,"Gasto",Movimientos!$H$9:$H$400,"Deseos") -> 150.43 | E24: =SUMIFS(Movimientos!$L$9:$L$400,Movimientos!$A$9:$A$400,">="&DATE($E$4,1,1),Movimientos!$A$9:$A$400,"<"&EDATE(DATE($E$4,1,1),1),Movimientos!$D$9:$D$400,"Ahorro") -> 295.4 | F24: =B24-C24-D24-E24 -> 411.83 | G24: Ahorro planificado | H24: =SUMIFS(Presupuesto!$E$8:$E$400,Presupuesto!$A$8:$A$400,$H$4,Presupuesto!$C$8:$C$400,$G24) -> 310 | I24: =SUMIFS(Presupuesto!$F$8:$F$400,Presupuesto!$A$8:$A$400,$H$4,Presupuesto!$C$8:$C$400,$G24) -> 309.18 | J24: =IF(H24="","",I24-H24) -> -0.82 | K24: =IF(H24=0,"",I24/H24) -> 0.99735484 | L24: =IF(G24="Ahorro planificado",IF(K24>=1,"Bien",IF(K24>=0.9,"Vigilar","Bajo")),IF(K24<=1,"Bien",IF(K24<=1.1,"Vigilar","Exceso"))) -> Vigilar
A25: Febrero | B25: =SUMIFS(Movimientos!$L$9:$L$400,Movimientos!$A$9:$A$400,">="&DATE($E$4,2,1),Movimientos!$A$9:$A$400,"<"&EDATE(DATE($E$4,2,1),1),Movimientos!$D$9:$D$400,"Ingreso") -> 2565.76 | C25: =SUMIFS(Movimientos!$L$9:$L$400,Movimientos!$A$9:$A$400,">="&DATE($E$4,2,1),Movimientos!$A$9:$A$400,"<"&EDATE(DATE($E$4,2,1),1),Movimientos!$D$9:$D$400,"Gasto",Movimientos!$H$9:$H$400,"Necesidades") -> 1541.82 | D25: =SUMIFS(Movimientos!$L$9:$L$400,Movimientos!$A$9:$A$400,">="&DATE($E$4,2,1),Movimientos!$A$9:$A$400,"<"&EDATE(DATE($E$4,2,1),1),Movimientos!$D$9:$D$400,"Gasto",Movimientos!$H$9:$H$400,"Deseos") -> 111.34 | E25: =SUMIFS(Movimientos!$L$9:$L$400,Movimientos!$A$9:$A$400,">="&DATE($E$4,2,1),Movimientos!$A$9:$A$400,"<"&EDATE(DATE($E$4,2,1),1),Movimientos!$D$9:$D$400,"Ahorro") -> 298.49 | F25: =B25-C25-D25-E25 -> 614.11
A26: Marzo | B26: =SUMIFS(Movimientos!$L$9:$L$400,Movimientos!$A$9:$A$400,">="&DATE($E$4,3,1),Movimientos!$A$9:$A$400,"<"&EDATE(DATE($E$4,3,1),1),Movimientos!$D$9:$D$400,"Ingreso") -> 2418.69 | C26: =SUMIFS(Movimientos!$L$9:$L$400,Movimientos!$A$9:$A$400,">="&DATE($E$4,3,1),Movimientos!$A$9:$A$400,"<"&EDATE(DATE($E$4,3,1),1),Movimientos!$D$9:$D$400,"Gasto",Movimientos!$H$9:$H$400,"Necesidades") -> 1568.17 | D26: =SUMIFS(Movimientos!$L$9:$L$400,Movimientos!$A$9:$A$400,">="&DATE($E$4,3,1),Movimientos!$A$9:$A$400,"<"&EDATE(DATE($E$4,3,1),1),Movimientos!$D$9:$D$400,"Gasto",Movimientos!$H$9:$H$400,"Deseos") -> 94.64 | E26: =SUMIFS(Movimientos!$L$9:$L$400,Movimientos!$A$9:$A$400,">="&DATE($E$4,3,1),Movimientos!$A$9:$A$400,"<"&EDATE(DATE($E$4,3,1),1),Movimientos!$D$9:$D$400,"Ahorro") -> 303.27 | F26: =B26-C26-D26-E26 -> 452.61 | G26: Lectura rápida
A27: Abril | B27: =SUMIFS(Movimientos!$L$9:$L$400,Movimientos!$A$9:$A$400,">="&DATE($E$4,4,1),Movimientos!$A$9:$A$400,"<"&EDATE(DATE($E$4,4,1),1),Movimientos!$D$9:$D$400,"Ingreso") -> 2667.07 | C27: =SUMIFS(Movimientos!$L$9:$L$400,Movimientos!$A$9:$A$400,">="&DATE($E$4,4,1),Movimientos!$A$9:$A$400,"<"&EDATE(DATE($E$4,4,1),1),Movimientos!$D$9:$D$400,"Gasto",Movimientos!$H$9:$H$400,"Necesidades") -> 1585.78 | D27: =SUMIFS(Movimientos!$L$9:$L$400,Movimientos!$A$9:$A$400,">="&DATE($E$4,4,1),Movimientos!$A$9:$A$400,"<"&EDATE(DATE($E$4,4,1),1),Movimientos!$D$9:$D$400,"Gasto",Movimientos!$H$9:$H$400,"Deseos") -> 138.57 | E27: =SUMIFS(Movimientos!$L$9:$L$400,Movimientos!$A$9:$A$400,">="&DATE($E$4,4,1),Movimientos!$A$9:$A$400,"<"&EDATE(DATE($E$4,4,1),1),Movimientos!$D$9:$D$400,"Ahorro") -> 306.61 | F27: =B27-C27-D27-E27 -> 636.11 | G27: Mayor sobrecoste | H27: =IFERROR(INDEX($G$17:$G$24,MATCH(MAX($J$17:$J$24),$J$17:$J$24,0)),"") -> Alimentación
A28: Mayo | B28: =SUMIFS(Movimientos!$L$9:$L$400,Movimientos!$A$9:$A$400,">="&DATE($E$4,5,1),Movimientos!$A$9:$A$400,"<"&EDATE(DATE($E$4,5,1),1),Movimientos!$D$9:$D$400,"Ingreso") -> 2491.07 | C28: =SUMIFS(Movimientos!$L$9:$L$400,Movimientos!$A$9:$A$400,">="&DATE($E$4,5,1),Movimientos!$A$9:$A$400,"<"&EDATE(DATE($E$4,5,1),1),Movimientos!$D$9:$D$400,"Gasto",Movimientos!$H$9:$H$400,"Necesidades") -> 1584.81 | D28: =SUMIFS(Movimientos!$L$9:$L$400,Movimientos!$A$9:$A$400,">="&DATE($E$4,5,1),Movimientos!$A$9:$A$400,"<"&EDATE(DATE($E$4,5,1),1),Movimientos!$D$9:$D$400,"Gasto",Movimientos!$H$9:$H$400,"Deseos") -> 89.45 | E28: =SUMIFS(Movimientos!$L$9:$L$400,Movimientos!$A$9:$A$400,">="&DATE($E$4,5,1),Movimientos!$A$9:$A$400,"<"&EDATE(DATE($E$4,5,1),1),Movimientos!$D$9:$D$400,"Ahorro") -> 295.16 | F28: =B28-C28-D28-E28 -> 521.65 | G28: Presupuesto usado | H28: =IF(SUM($H$17:$H$24)=0,"",SUM($I$17:$I$24)/SUM($H$17:$H$24)) -> 0.96133039
A29: Junio | B29: =SUMIFS(Movimientos!$L$9:$L$400,Movimientos!$A$9:$A$400,">="&DATE($E$4,6,1),Movimientos!$A$9:$A$400,"<"&EDATE(DATE($E$4,6,1),1),Movimientos!$D$9:$D$400,"Ingreso") -> 2422.88 | C29: =SUMIFS(Movimientos!$L$9:$L$400,Movimientos!$A$9:$A$400,">="&DATE($E$4,6,1),Movimientos!$A$9:$A$400,"<"&EDATE(DATE($E$4,6,1),1),Movimientos!$D$9:$D$400,"Gasto",Movimientos!$H$9:$H$400,"Necesidades") -> 1581.39 | D29: =SUMIFS(Movimientos!$L$9:$L$400,Movimientos!$A$9:$A$400,">="&DATE($E$4,6,1),Movimientos!$A$9:$A$400,"<"&EDATE(DATE($E$4,6,1),1),Movimientos!$D$9:$D$400,"Gasto",Movimientos!$H$9:$H$400,"Deseos") -> 74.71 | E29: =SUMIFS(Movimientos!$L$9:$L$400,Movimientos!$A$9:$A$400,">="&DATE($E$4,6,1),Movimientos!$A$9:$A$400,"<"&EDATE(DATE($E$4,6,1),1),Movimientos!$D$9:$D$400,"Ahorro") -> 297.74 | F29: =B29-C29-D29-E29 -> 469.04 | G29: Mejor balance | H29: =IFERROR(INDEX($A$23:$A$34,MATCH(MAX($F$23:$F$34),$F$23:$F$34,0)),"") -> Septiembre
A30: Julio | B30: =SUMIFS(Movimientos!$L$9:$L$400,Movimientos!$A$9:$A$400,">="&DATE($E$4,7,1),Movimientos!$A$9:$A$400,"<"&EDATE(DATE($E$4,7,1),1),Movimientos!$D$9:$D$400,"Ingreso") -> 2535.12 | C30: =SUMIFS(Movimientos!$L$9:$L$400,Movimientos!$A$9:$A$400,">="&DATE($E$4,7,1),Movimientos!$A$9:$A$400,"<"&EDATE(DATE($E$4,7,1),1),Movimientos!$D$9:$D$400,"Gasto",Movimientos!$H$9:$H$400,"Necesidades") -> 1546.96 | D30: =SUMIFS(Movimientos!$L$9:$L$400,Movimientos!$A$9:$A$400,">="&DATE($E$4,7,1),Movimientos!$A$9:$A$400,"<"&EDATE(DATE($E$4,7,1),1),Movimientos!$D$9:$D$400,"Gasto",Movimientos!$H$9:$H$400,"Deseos") -> 140.48 | E30: =SUMIFS(Movimientos!$L$9:$L$400,Movimientos!$A$9:$A$400,">="&DATE($E$4,7,1),Movimientos!$A$9:$A$400,"<"&EDATE(DATE($E$4,7,1),1),Movimientos!$D$9:$D$400,"Ahorro") -> 293.77 | F30: =B30-C30-D30-E30 -> 553.91 | G30: Ahorro medio | H30: =IF(SUM($B$23:$B$34)=0,"",SUM($E$23:$E$34)/SUM($B$23:$B$34)) -> 0.1188676
A31: Agosto | B31: =SUMIFS(Movimientos!$L$9:$L$400,Movimientos!$A$9:$A$400,">="&DATE($E$4,8,1),Movimientos!$A$9:$A$400,"<"&EDATE(DATE($E$4,8,1),1),Movimientos!$D$9:$D$400,"Ingreso") -> 2469.13 | C31: =SUMIFS(Movimientos!$L$9:$L$400,Movimientos!$A$9:$A$400,">="&DATE($E$4,8,1),Movimientos!$A$9:$A$400,"<"&EDATE(DATE($E$4,8,1),1),Movimientos!$D$9:$D$400,"Gasto",Movimientos!$H$9:$H$400,"Necesidades") -> 1618.53 | D31: =SUMIFS(Movimientos!$L$9:$L$400,Movimientos!$A$9:$A$400,">="&DATE($E$4,8,1),Movimientos!$A$9:$A$400,"<"&EDATE(DATE($E$4,8,1),1),Movimientos!$D$9:$D$400,"Gasto",Movimientos!$H$9:$H$400,"Deseos") -> 100.31 | E31: =SUMIFS(Movimientos!$L$9:$L$400,Movimientos!$A$9:$A$400,">="&DATE($E$4,8,1),Movimientos!$A$9:$A$400,"<"&EDATE(DATE($E$4,8,1),1),Movimientos!$D$9:$D$400,"Ahorro") -> 307.2 | F31: =B31-C31-D31-E31 -> 443.09
A32: Septiembre | B32: =SUMIFS(Movimientos!$L$9:$L$400,Movimientos!$A$9:$A$400,">="&DATE($E$4,9,1),Movimientos!$A$9:$A$400,"<"&EDATE(DATE($E$4,9,1),1),Movimientos!$D$9:$D$400,"Ingreso") -> 2724.34 | C32: =SUMIFS(Movimientos!$L$9:$L$400,Movimientos!$A$9:$A$400,">="&DATE($E$4,9,1),Movimientos!$A$9:$A$400,"<"&EDATE(DATE($E$4,9,1),1),Movimientos!$D$9:$D$400,"Gasto",Movimientos!$H$9:$H$400,"Necesidades") -> 1581.46 | D32: =SUMIFS(Movimientos!$L$9:$L$400,Movimientos!$A$9:$A$400,">="&DATE($E$4,9,1),Movimientos!$A$9:$A$400,"<"&EDATE(DATE($E$4,9,1),1),Movimientos!$D$9:$D$400,"Gasto",Movimientos!$H$9:$H$400,"Deseos") -> 67.59 | E32: =SUMIFS(Movimientos!$L$9:$L$400,Movimientos!$A$9:$A$400,">="&DATE($E$4,9,1),Movimientos!$A$9:$A$400,"<"&EDATE(DATE($E$4,9,1),1),Movimientos!$D$9:$D$400,"Ahorro") -> 309.18 | F32: =B32-C32-D32-E32 -> 766.11
A33: Octubre | B33: =SUMIFS(Movimientos!$L$9:$L$400,Movimientos!$A$9:$A$400,">="&DATE($E$4,10,1),Movimientos!$A$9:$A$400,"<"&EDATE(DATE($E$4,10,1),1),Movimientos!$D$9:$D$400,"Ingreso") -> 2489.44 | C33: =SUMIFS(Movimientos!$L$9:$L$400,Movimientos!$A$9:$A$400,">="&DATE($E$4,10,1),Movimientos!$A$9:$A$400,"<"&EDATE(DATE($E$4,10,1),1),Movimientos!$D$9:$D$400,"Gasto",Movimientos!$H$9:$H$400,"Necesidades") -> 1604.47 | D33: =SUMIFS(Movimientos!$L$9:$L$400,Movimientos!$A$9:$A$400,">="&DATE($E$4,10,1),Movimientos!$A$9:$A$400,"<"&EDATE(DATE($E$4,10,1),1),Movimientos!$D$9:$D$400,"Gasto",Movimientos!$H$9:$H$400,"Deseos") -> 85.34 | E33: =SUMIFS(Movimientos!$L$9:$L$400,Movimientos!$A$9:$A$400,">="&DATE($E$4,10,1),Movimientos!$A$9:$A$400,"<"&EDATE(DATE($E$4,10,1),1),Movimientos!$D$9:$D$400,"Ahorro") -> 319.8 | F33: =B33-C33-D33-E33 -> 479.83
A34: Noviembre | B34: =SUMIFS(Movimientos!$L$9:$L$400,Movimientos!$A$9:$A$400,">="&DATE($E$4,11,1),Movimientos!$A$9:$A$400,"<"&EDATE(DATE($E$4,11,1),1),Movimientos!$D$9:$D$400,"Ingreso") -> 2738.82 | C34: =SUMIFS(Movimientos!$L$9:$L$400,Movimientos!$A$9:$A$400,">="&DATE($E$4,11,1),Movimientos!$A$9:$A$400,"<"&EDATE(DATE($E$4,11,1),1),Movimientos!$D$9:$D$400,"Gasto",Movimientos!$H$9:$H$400,"Necesidades") -> 1598 | D34: =SUMIFS(Movimientos!$L$9:$L$400,Movimientos!$A$9:$A$400,">="&DATE($E$4,11,1),Movimientos!$A$9:$A$400,"<"&EDATE(DATE($E$4,11,1),1),Movimientos!$D$9:$D$400,"Gasto",Movimientos!$H$9:$H$400,"Deseos") -> 131.55 | E34: =SUMIFS(Movimientos!$L$9:$L$400,Movimientos!$A$9:$A$400,">="&DATE($E$4,11,1),Movimientos!$A$9:$A$400,"<"&EDATE(DATE($E$4,11,1),1),Movimientos!$D$9:$D$400,"Ahorro") -> 296.76 | F34: =B34-C34-D34-E34 -> 712.51
A35: Diciembre | B35: =SUMIFS(Movimientos!$L$9:$L$400,Movimientos!$A$9:$A$400,">="&DATE($E$4,12,1),Movimientos!$A$9:$A$400,"<"&EDATE(DATE($E$4,12,1),1),Movimientos!$D$9:$D$400,"Ingreso") -> 2518.98 | C35: =SUMIFS(Movimientos!$L$9:$L$400,Movimientos!$A$9:$A$400,">="&DATE($E$4,12,1),Movimientos!$A$9:$A$400,"<"&EDATE(DATE($E$4,12,1),1),Movimientos!$D$9:$D$400,"Gasto",Movimientos!$H$9:$H$400,"Necesidades") -> 1596.37 | D35: =SUMIFS(Movimientos!$L$9:$L$400,Movimientos!$A$9:$A$400,">="&DATE($E$4,12,1),Movimientos!$A$9:$A$400,"<"&EDATE(DATE($E$4,12,1),1),Movimientos!$D$9:$D$400,"Gasto",Movimientos!$H$9:$H$400,"Deseos") -> 99.86 | E35: =SUMIFS(Movimientos!$L$9:$L$400,Movimientos!$A$9:$A$400,">="&DATE($E$4,12,1),Movimientos!$A$9:$A$400,"<"&EDATE(DATE($E$4,12,1),1),Movimientos!$D$9:$D$400,"Ahorro") -> 308.23 | F35: =B35-C35-D35-E35 -> 514.52

Sheet Movimientos
A1: Registro de movimientos
A2: Escribe solo las columnas en azul. El resto se calcula automáticamente.
A8: Fecha | B8: Mes | C8: Año | D8: Tipo | E8: Cuenta | F8: Subcategoría | G8: Categoría | H8: Grupo 50/30/20 | I8: Naturaleza | J8: Concepto | K8: Medio de pago | L8: Importe (€) | M8: Flujo neto (€) | N8: Observaciones | O8: Control
A9: 45658 | B9: =IF(A9="","",CHOOSE(MONTH(A9),"Enero","Febrero","Marzo","Abril","Mayo","Junio","Julio","Agosto","Septiembre","Octubre","Noviembre","Diciembre")) -> Enero | C9: =IF(A9="","",YEAR(A9)) -> 2025 | D9: Ingreso | E9: Cuenta nómina | F9: Nómina principal | G9: Ingresos fijos | H9: Ingresos | I9: Fijo | J9: Ingreso mensual neto | K9: Transferencia | L9: 2436.35 | M9: =IF(A9="","",IF(D9="Ingreso",L9,IF(D9="Ahorro",-L9,IF(D9="Transferencia",0,-L9)))) -> 2436.35 | O9: =IF(COUNTA(A9:N9)=0,"",IF(OR(A9="",D9="",F9="",G9="",H9="",I9="",L9=""),"Revisar","OK")) -> OK
A10: 45659 | B10: =IF(A10="","",CHOOSE(MONTH(A10),"Enero","Febrero","Marzo","Abril","Mayo","Junio","Julio","Agosto","Septiembre","Octubre","Noviembre","Diciembre")) -> Enero | C10: =IF(A10="","",YEAR(A10)) -> 2025 | D10: Gasto | E10: Cuenta hogar | F10: Alquiler | G10: Vivienda | H10: Necesidades | I10: Fijo | J10: Pago del alquiler | K10: Transferencia | L10: 980 | M10: =IF(A10="","",IF(D10="Ingreso",L10,IF(D10="Ahorro",-L10,IF(D10="Transferencia",0,-L10)))) -> -980 | O10: =IF(COUNTA(A10:N10)=0,"",IF(OR(A10="",D10="",F10="",G10="",H10="",I10="",L10=""),"Revisar","OK")) -> OK
A11: 45660 | B11: =IF(A11="","",CHOOSE(MONTH(A11),"Enero","Febrero","Marzo","Abril","Mayo","Junio","Julio","Agosto","Septiembre","Octubre","Noviembre","Diciembre")) -> Enero | C11: =IF(A11="","",YEAR(A11)) -> 2025 | D11: Gasto | E11: Tarjeta débito | F11: Supermercado | G11: Alimentación | H11: Necesidades | I11: Variable | J11: Compra de supermercado | K11: Tarjeta | L11: 71.08 | M11: =IF(A11="","",IF(D11="Ingreso",L11,IF(D11="Ahorro",-L11,IF(D11="Transferencia",0,-L11)))) -> -71.08 | O11: =IF(COUNTA(A11:N11)=0,"",IF(OR(A11="",D11="",F11="",G11="",H11="",I11="",L11=""),"Revisar","OK")) -> OK
A12: 45661 | B12: =IF(A12="","",CHOOSE(MONTH(A12),"Enero","Febrero","Marzo","Abril","Mayo","Junio","Julio","Agosto","Septiembre","Octubre","Noviembre","Diciembre")) -> Enero | C12: =IF(A12="","",YEAR(A12)) -> 2025 | D12: Gasto | E12: Tarjeta transporte | F12: Transporte público | G12: Movilidad | H12: Necesidades | I12: Variable | J12: Recarga o trayecto urbano | K12: Tarjeta | L12: 8.43 | M12: =IF(A12="","",IF(D12="Ingreso",L12,IF(D12="Ahorro",-L12,IF(D12="Transferencia",0,-L12)))) -> -8.43 | O12: =IF(COUNTA(A12:N12)=0,"",IF(OR(A12="",D12="",F12="",G12="",H12="",I12="",L12=""),"Revisar","OK")) -> OK
A13: 45662 | B13: =IF(A13="","",CHOOSE(MONTH(A13),"Enero","Febrero","Marzo","Abril","Mayo","Junio","Julio","Agosto","Septiembre","Octubre","Noviembre","Diciembre")) -> Enero | C13: =IF(A13="","",YEAR(A13)) -> 2025 | D13: Gasto | E13: Cuenta hogar | F13: Electricidad | G13: Vivienda | H13: Necesidades | I13: Fijo | J13: Factura de electricidad | K13: Domiciliado | L13: 31.5 | M13: =IF(A13="","",IF(D13="Ingreso",L13,IF(D13="Ahorro",-L13,IF(D13="Transferencia",0,-L13)))) -> -31.5 | O13: =IF(COUNTA(A13:N13)=0,"",IF(OR(A13="",D13="",F13="",G13="",H13="",I13="",L13=""),"Revisar","OK")) -> OK
A14: 45663 | B14: =IF(A14="","",CHOOSE(MONTH(A14),"Enero","Febrero","Marzo","Abril","Mayo","Junio","Julio","Agosto","Septiembre","Octubre","Noviembre","Diciembre")) -> Enero | C14: =IF(A14="","",YEAR(A14)) -> 2025 | D14: Gasto | E14: Cuenta hogar | F14: Agua | G14: Vivienda | H14: Necesidades | I14: Fijo | J14: Factura de agua | K14: Domiciliado | L14: 20.61 | M14: =IF(A14="","",IF(D14="Ingreso",L14,IF(D14="Ahorro",-L14,IF(D14="Transferencia",0,-L14)))) -> -20.61 | O14: =IF(COUNTA(A14:N14)=0,"",IF(OR(A14="",D14="",F14="",G14="",H14="",I14="",L14=""),"Revisar","OK")) -> OK
A15: 45664 | B15: =IF(A15="","",CHOOSE(MONTH(A15),"Enero","Febrero","Marzo","Abril","Mayo","Junio","Julio","Agosto","Septiembre","Octubre","Noviembre","Diciembre")) -> Enero | C15: =IF(A15="","",YEAR(A15)) -> 2025 | D15: Gasto | E15: Cuenta hogar | F15: Internet hogar | G15: Vivienda | H15: Necesidades | I15: Fijo | J15: Internet doméstico | K15: Domiciliado | L15: 35 | M15: =IF(A15="","",IF(D15="Ingreso",L15,IF(D15="Ahorro",-L15,IF(D15="Transferencia",0,-L15)))) -> -35 | O15: =IF(COUNTA(A15:N15)=0,"",IF(OR(A15="",D15="",F15="",G15="",H15="",I15="",L15=""),"Revisar","OK")) -> OK
A16: 45665 | B16: =IF(A16="","",CHOOSE(MONTH(A16),"Enero","Febrero","Marzo","Abril","Mayo","Junio","Julio","Agosto","Septiembre","Octubre","Noviembre","Diciembre")) -> Enero | C16: =IF(A16="","",YEAR(A16)) -> 2025 | D16: Gasto | E16: Cuenta hogar | F16: Seguro salud | G16: Salud y cuidado | H16: Necesidades | I16: Fijo | J16: Cuota del seguro | K16: Domiciliado | L16: 18 | M16: =IF(A16="","",IF(D16="Ingreso",L16,IF(D16="Ahorro",-L16,IF(D16="Transferencia",0,-L16)))) -> -18 | O16: =IF(COUNTA(A16:N16)=0,"",IF(OR(A16="",D16="",F16="",G16="",H16="",I16="",L16=""),"Revisar","OK")) -> OK
A17: 45666 | B17: =IF(A17="","",CHOOSE(MONTH(A17),"Enero","Febrero","Marzo","Abril","Mayo","Junio","Julio","Agosto","Septiembre","Octubre","Noviembre","Diciembre")) -> Enero | C17: =IF(A17="","",YEAR(A17)) -> 2025 | D17: Gasto | E17: Tarjeta débito | F17: Suscripciones | G17: Tecnología | H17: Necesidades | I17: Fijo | J17: Servicios digitales | K17: Tarjeta | L17: 24 | M17: =IF(A17="","",IF(D17="Ingreso",L17,IF(D17="Ahorro",-L17,IF(D17="Transferencia",0,-L17)))) -> -24 | O17: =IF(COUNTA(A17:N17)=0,"",IF(OR(A17="",D17="",F17="",G17="",H17="",I17="",L17=""),"Revisar","OK")) -> OK
A18: 45667 | B18: =IF(A18="","",CHOOSE(MONTH(A18),"Enero","Febrero","Marzo","Abril","Mayo","Junio","Julio","Agosto","Septiembre","Octubre","Noviembre","Diciembre")) -> Enero | C18: =IF(A18="","",YEAR(A18)) -> 2025 | D18: Gasto | E18: Tarjeta débito | F18: Supermercado | G18: Alimentación | H18: Necesidades | I18: Variable | J18: Compra de supermercado | K18: Tarjeta | L18: 92.25 | M18: =IF(A18="","",IF(D18="Ingreso",L18,IF(D18="Ahorro",-L18,IF(D18="Transferencia",0,-L18)))) -> -92.25 | O18: =IF(COUNTA(A18:N18)=0,"",IF(OR(A18="",D18="",F18="",G18="",H18="",I18="",L18=""),"Revisar","OK")) -> OK
A19: 45668 | B19: =IF(A19="","",CHOOSE(MONTH(A19),"Enero","Febrero","Marzo","Abril","Mayo","Junio","Julio","Agosto","Septiembre","Octubre","Noviembre","Diciembre")) -> Enero | C19: =IF(A19="","",YEAR(A19)) -> 2025 | D19: Gasto | E19: Tarjeta transporte | F19: Transporte público | G19: Movilidad | H19: Necesidades | I19: Variable | J19: Recarga o trayecto urbano | K19: Tarjeta | L19: 10.54 | M19: =IF(A19="","",IF(D19="Ingreso",L19,IF(D19="Ahorro",-L19,IF(D19="Transferencia",0,-L19)))) -> -10.54 | O19: =IF(COUNTA(A19:N19)=0,"",IF(OR(A19="",D19="",F19="",G19="",H19="",I19="",L19=""),"Revisar","OK")) -> OK
A20: 45669 | B20: =IF(A20="","",CHOOSE(MONTH(A20),"Enero","Febrero","Marzo","Abril","Mayo","Junio","Julio","Agosto","Septiembre","Octubre","Noviembre","Diciembre")) -> Enero | C20: =IF(A20="","",YEAR(A20)) -> 2025 | D20: Gasto | E20: Tarjeta débito | F20: Mercado local | G20: Alimentación | H20: Necesidades | I20: Variable | J20: Compra en mercado local | K20: Efectivo | L20: 31.97 | M20: =IF(A20="","",IF(D20="Ingreso",L20,IF(D20="Ahorro",-L20,IF(D20="Transferencia",0,-L20)))) -> -31.97 | O20: =IF(COUNTA(A20:N20)=0,"",IF(OR(A20="",D20="",F20="",G20="",H20="",I20="",L20=""),"Revisar","OK")) -> OK
... A45: 45700 | B45: =IF(A45="","",CHOOSE(MONTH(A45),"Enero","Febrero","Marzo","Abril","Mayo","Junio","Julio","Agosto","Septiembre","Octubre","Noviembre","Diciembre")) -> Febrero | C45: =IF(A45="","",YEAR(A45)) -> 2025 | D45: Gasto | E45: Tarjeta débito | F45: Mercado local | G45: Alimentación | H45: Necesidades | I45: Variable | J45: Compra en mercado local | K45: Tarjeta | L45: 53.27 | M45: =IF(A45="","",IF(D45="Ingreso",L45,IF(D45="Ahorro",-L45,IF(D45="Transferencia",0,-L45)))) -> -53.27 | O45: =IF(COUNTA(A45:N45)=0,"",IF(OR(A45="",D45="",F45="",G45="",H45="",I45="",L45=""),"Revisar","OK")) -> OK
A46: 45702 | B46: =IF(A46="","",CHOOSE(MONTH(A46),"Enero","Febrero","Marzo","Abril","Mayo","Junio","Julio","Agosto","Septiembre","Octubre","Noviembre","Diciembre")) -> Febrero | C46: =IF(A46="","",YEAR(A46)) -> 2025 | D46: Ingreso | E46: Cuenta nómina | F46: Ingreso puntual | G46: Ingresos extra | H46: Ingresos | I46: Variable | J46: Trabajo extra de fin de semana | K46: Transferencia | L46: 111.86 | M46: =IF(A46="","",IF(D46="Ingreso",L46,IF(D46="Ahorro",-L46,IF(D46="Transferencia",0,-L46)))) -> 111.86 | N46: Ingreso no recurrente | O46: =IF(COUNTA(A46:N46)=0,"",IF(OR(A46="",D46="",F46="",G46="",H46="",I46="",L46=""),"Revisar","OK")) -> OK
A47: 45702 | B47: =IF(A47="","",CHOOSE(MONTH(A47),"Enero","Febrero","Marzo","Abril","Mayo","Junio","Julio","Agosto","Septiembre","Octubre","Noviembre","Diciembre")) -> Febrero | C47: =IF(A47="","",YEAR(A47)) -> 2025 | D47: Gasto | E47: Tarjeta débito | F47: Cafetería | G47: Ocio y cultura | H47: Deseos | I47: Variable | J47: Consumo fuera de casa | K47: Tarjeta | L47: 11.56 | M47: =IF(A47="","",IF(D47="Ingreso",L47,IF(D47="Ahorro",-L47,IF(D47="Transferencia",0,-L47)))) -> -11.56 | O47: =IF(COUNTA(A47:N47)=0,"",IF(OR(A47="",D47="",F47="",G47="",H47="",I47="",L47=""),"Revisar","OK")) -> OK
A48: 45703 | B48: =IF(A48="","",CHOOSE(MONTH(A48),"Enero","Febrero","Marzo","Abril","Mayo","Junio","Julio","Agosto","Septiembre","Octubre","Noviembre","Diciembre")) -> Febrero | C48: =IF(A48="","",YEAR(A48)) -> 2025 | D48: Gasto | E48: Tarjeta débito | F48: Libros y cursos | G48: Desarrollo personal | H48: Deseos | I48: Variable | J48: Libro, curso o material | K48: Tarjeta | L48: 53.36 | M48: =IF(A48="","",IF(D48="Ingreso",L48,IF(D48="Ahorro",-L48,IF(D48="Transferencia",0,-L48)))) -> -53.36 | O48: =IF(COUNTA(A48:N48)=0,"",IF(OR(A48="",D48="",F48="",G48="",H48="",I48="",L48=""),"Revisar","OK")) -> OK
A49: 45705 | B49: =IF(A49="","",CHOOSE(MONTH(A49),"Enero","Febrero","Marzo","Abril","Mayo","Junio","Julio","Agosto","Septiembre","Octubre","Noviembre","Diciembre")) -> Febrero | C49: =IF(A49="","",YEAR(A49)) -> 2025 | D49: Gasto | E49: Tarjeta débito | F49: Supermercado | G49: Alimentación | H49: Necesidades | I49: Variable | J49: Compra de supermercado | K49: Tarjeta | L49: 80.83 | M49: =IF(A49="","",IF(D49="Ingreso",L49,IF(D49="Ahorro",-L49,IF(D49="Transferencia",0,-L49)))) -> -80.83 | O49: =IF(COUNTA(A49:N49)=0,"",IF(OR(A49="",D49="",F49="",G49="",H49="",I49="",L49=""),"Revisar","OK")) -> OK
A50: 45706 | B50: =IF(A50="","",CHOOSE(MONTH(A50),"Enero","Febrero","Marzo","Abril","Mayo","Junio","Julio","Agosto","Septiembre","Octubre","Noviembre","Diciembre")) -> Febrero | C50: =IF(A50="","",YEAR(A50)) -> 2025 | D50: Gasto | E50: Tarjeta transporte | F50: Transporte público | G50: Movilidad | H50: Necesidades | I50: Variable | J50: Recarga o trayecto urbano | K50: Tarjeta | L50: 7.16 | M50: =IF(A50="","",IF(D50="Ingreso",L50,IF(D50="Ahorro",-L50,IF(D50="Transferencia",0,-L50)))) -> -7.16 | O50: =IF(COUNTA(A50:N50)=0,"",IF(OR(A50="",D50="",F50="",G50="",H50="",I50="",L50=""),"Revisar","OK")) -> OK
A51: 45708 | B51: =IF(A51="","",CHOOSE(MONTH(A51),"Enero","Febrero","Marzo","Abril","Mayo","Junio","Julio","Agosto","Septiembre","Octubre","Noviembre","Diciembre")) -> Febrero | C51: =IF(A51="","",YEAR(A51)) -> 2025 | D51: Gasto | E51: Tarjeta débito | F51: Cafetería | G51: Ocio y cultura | H51: Deseos | I51: Variable | J51: Consumo fuera de casa | K51: Efectivo | L51: 30.17 | M51: =IF(A51="","",IF(D51="Ingreso",L51,IF(D51="Ahorro",-L51,IF(D51="Transferencia",0,-L51)))) -> -30.17 | O51: =IF(COUNTA(A51:N51)=0,"",IF(OR(A51="",D51="",F51="",G51="",H51="",I51="",L51=""),"Revisar","OK")) -> OK
A52: 45709 | B52: =IF(A52="","",CHOOSE(MONTH(A52),"Enero","Febrero","Marzo","Abril","Mayo","Junio","Julio","Agosto","Septiembre","Octubre","Noviembre","Diciembre")) -> Febrero | C52: =IF(A52="","",YEAR(A52)) -> 2025 | D52: Gasto | E52: Tarjeta débito | F52: Bicicleta / taller | G52: Movilidad | H52: Necesidades | I52: Variable | J52: Ajuste o repuesto | K52: Tarjeta | L52: 9.47 | M52: =IF(A52="","",IF(D52="Ingreso",L52,IF(D52="Ahorro",-L52,IF(D52="Transferencia",0,-L52)))) -> -9.47 | O52: =IF(COUNTA(A52:N52)=0,"",IF(OR(A52="",D52="",F52="",G52="",H52="",I52="",L52=""),"Revisar","OK")) -> OK
A53: 45712 | B53: =IF(A53="","",CHOOSE(MONTH(A53),"Enero","Febrero","Marzo","Abril","Mayo","Junio","Julio","Agosto","Septiembre","Octubre","Noviembre","Diciembre")) -> Febrero | C53: =IF(A53="","",YEAR(A53)) -> 2025 | D53: Gasto | E53: Tarjeta débito | F53: Supermercado | G53: Alimentación | H53: Necesidades | I53: Variable | J53: Compra de supermercado | K53: Tarjeta | L53: 67.02 | M53: =IF(A53="","",IF(D53="Ingreso",L53,IF(D53="Ahorro",-L53,IF(D53="Transferencia",0,-L53)))) -> -67.02 | O53: =IF(COUNTA(A53:N53)=0,"",IF(OR(A53="",D53="",F53="",G53="",H53="",I53="",L53=""),"Revisar","OK")) -> OK
A54: 45713 | B54: =IF(A54="","",CHOOSE(MONTH(A54),"Enero","Febrero","Marzo","Abril","Mayo","Junio","Julio","Agosto","Septiembre","Octubre","Noviembre","Diciembre")) -> Febrero | C54: =IF(A54="","",YEAR(A54)) -> 2025 | D54: Gasto | E54: Tarjeta transporte | F54: Transporte público | G54: Movilidad | H54: Necesidades | I54: Variable | J54: Recarga o trayecto urbano | K54: Tarjeta | L54: 8.5 | M54: =IF(A54="","",IF(D54="Ingreso",L54,IF(D54="Ahorro",-L54,IF(D54="Transferencia",0,-L54)))) -> -8.5 | O54: =IF(COUNTA(A54:N54)=0,"",IF(OR(A54="",D54="",F54="",G54="",H54="",I54="",L54=""),"Revisar","OK")) -> OK
A55: 45714 | B55: =IF(A55="","",CHOOSE(MONTH(A55),"Enero","Febrero","Marzo","Abril","Mayo","Junio","Julio","Agosto","Septiembre","Octubre","Noviembre","Diciembre")) -> Febrero | C55: =IF(A55="","",YEAR(A55)) -> 2025 | D55: Gasto | E55: Tarjeta débito | F55: Mercado local | G55: Alimentación | H55: Necesidades | I55: Variable | J55: Compra en mercado local | K55: Efectivo | L55: 43.83 | M55: =IF(A55="","",IF(D55="Ingreso",L55,IF(D55="Ahorro",-L55,IF(D55="Transferencia",0,-L55)))) -> -43.83 | O55: =IF(COUNTA(A55:N55)=0,"",IF(OR(A55="",D55="",F55="",G55="",H55="",I55="",L55=""),"Revisar","OK")) -> OK
A56: 45715 | B56: =IF(A56="","",CHOOSE(MONTH(A56),"Enero","Febrero","Marzo","Abril","Mayo","Junio","Julio","Agosto","Septiembre","Octubre","Noviembre","Diciembre")) -> Febrero | C56: =IF(A56="","",YEAR(A56)) -> 2025 | D56: Ahorro | E56: Cuenta ahorro | F56: Fondo de emergencia | G56: Ahorro planificado | H56: Ahorro | I56: Fijo | J56: Transferencia a ahorro base | K56: Transferencia | L56: 245.46 | M56: =IF(A56="","",IF(D56="Ingreso",L56,IF(D56="Ahorro",-L56,IF(D56="Transferencia",0,-L56)))) -> -245.46 | O56: =IF(COUNTA(A56:N56)=0,"",IF(OR(A56="",D56="",F56="",G56="",H56="",I56="",L56=""),"Revisar","OK")) -> OK
A57: 45716 | B57: =IF(A57="","",CHOOSE(MONTH(A57),"Enero","Febrero","Marzo","Abril","Mayo","Junio","Julio","Agosto","Septiembre","Octubre","Noviembre","Diciembre")) -> Febrero | C57: =IF(A57="","",YEAR(A57)) -> 2025 | D57: Gasto | E57: Tarjeta débito | F57: Cafetería | G57: Ocio y cultura | H57: Deseos | I57: Variable | J57: Consumo fuera de casa | K57: Bizum | L57: 16.25 | M57: =IF(A57="","",IF(D57="Ingreso",L57,IF(D57="Ahorro",-L57,IF(D57="Transferencia",0,-L57)))) -> -16.25 | O57: =IF(COUNTA(A57:N57)=0,"",IF(OR(A57="",D57="",F57="",G57="",H57="",I57="",L57=""),"Revisar","OK")) -> OK
A58: 45716 | B58: =IF(A58="","",CHOOSE(MONTH(A58),"Enero","Febrero","Marzo","Abril","Mayo","Junio","Julio","Agosto","Septiembre","Octubre","Noviembre","Diciembre")) -> Febrero | C58: =IF(A58="","",YEAR(A58)) -> 2025 | D58: Ahorro | E58: Cuenta ahorro | F58: Viaje anual | G58: Ahorro planificado | H58: Ahorro | I58: Variable | J58: Ahorro para objetivo anual | K58: Transferencia | L58: 53.03 | M58: =IF(A58="","",IF(D58="Ingreso",L58,IF(D58="Ahorro",-L58,IF(D58="Transferencia",0,-L58)))) -> -53.03 | O58: =IF(COUNTA(A58:N58)=0,"",IF(OR(A58="",D58="",F58="",G58="",H58="",I58="",L58=""),"Revisar","OK")) -> OK
... A97: 45765 | B97: =IF(A97="","",CHOOSE(MONTH(A97),"Enero","Febrero","Marzo","Abril","Mayo","Junio","Julio","Agosto","Septiembre","Octubre","Noviembre","Diciembre")) -> Abril | C97: =IF(A97="","",YEAR(A97)) -> 2025 | D97: Gasto | E97: Tarjeta transporte | F97: Transporte público | G97: Movilidad | H97: Necesidades | I97: Variable | J97: Recarga o trayecto urbano | K97: Tarjeta | L97: 11.2 | M97: =IF(A97="","",IF(D97="Ingreso",L97,IF(D97="Ahorro",-L97,IF(D97="Transferencia",0,-L97)))) -> -11.2 | O97: =IF(COUNTA(A97:N97)=0,"",IF(OR(A97="",D97="",F97="",G97="",H97="",I97="",L97=""),"Revisar","OK")) -> OK
A98: 45766 | B98: =IF(A98="","",CHOOSE(MONTH(A98),"Enero","Febrero","Marzo","Abril","Mayo","Junio","Julio","Agosto","Septiembre","Octubre","Noviembre","Diciembre")) -> Abril | C98: =IF(A98="","",YEAR(A98)) -> 2025 | D98: Ingreso | E98: Cuenta nómina | F98: Ingreso puntual | G98: Ingresos extra | H98: Ingresos | I98: Variable | J98: Trabajo extra de fin de semana | K98: Transferencia | L98: 218.26 | M98: =IF(A98="","",IF(D98="Ingreso",L98,IF(D98="Ahorro",-L98,IF(D98="Transferencia",0,-L98)))) -> 218.26 | N98: Ingreso no recurrente | O98: =IF(COUNTA(A98:N98)=0,"",IF(OR(A98="",D98="",F98="",G98="",H98="",I98="",L98=""),"Revisar","OK")) -> OK
A99: 45766 | B99: =IF(A99="","",CHOOSE(MONTH(A99),"Enero","Febrero","Marzo","Abril","Mayo","Junio","Julio","Agosto","Septiembre","Octubre","Noviembre","Diciembre")) -> Abril | C99: =IF(A99="","",YEAR(A99)) -> 2025 | D99: Gasto | E99: Tarjeta débito | F99: Libros y cursos | G99: Desarrollo personal | H99: Deseos | I99: Variable | J99: Libro, curso o material | K99: Tarjeta | L99: 33.61 | M99: =IF(A99="","",IF(D99="Ingreso",L99,IF(D99="Ahorro",-L99,IF(D99="Transferencia",0,-L99)))) -> -33.61 | O99: =IF(COUNTA(A99:N99)=0,"",IF(OR(A99="",D99="",F99="",G99="",H99="",I99="",L99=""),"Revisar","OK")) -> OK
A100: 45767 | B100: =IF(A100="","",CHOOSE(MONTH(A100),"Enero","Febrero","Marzo","Abril","Mayo","Junio","Julio","Agosto","Septiembre","Octubre","Noviembre","Diciembre")) -> Abril | C100: =IF(A100="","",YEAR(A100)) -> 2025 | D100: Gasto | E100: Tarjeta débito | F100: Cafetería | G100: Ocio y cultura | H100: Deseos | I100: Variable | J100: Consumo fuera de casa | K100: Tarjeta | L100: 25.76 | M100: =IF(A100="","",IF(D100="Ingreso",L100,IF(D100="Ahorro",-L100,IF(D100="Transferencia",0,-L100)))) -> -25.76 | O100: =IF(COUNTA(A100:N100)=0,"",IF(OR(A100="",D100="",F100="",G100="",H100="",I100="",L100=""),"Revisar","OK")) -> OK
A101: 45768 | B101: =IF(A101="","",CHOOSE(MONTH(A101),"Enero","Febrero","Marzo","Abril","Mayo","Junio","Julio","Agosto","Septiembre","Octubre","Noviembre","Diciembre")) -> Abril | C101: =IF(A101="","",YEAR(A101)) -> 2025 | D101: Gasto | E101: Tarjeta débito | F101: Bicicleta / taller | G101: Movilidad | H101: Necesidades | I101: Variable | J101: Ajuste o repuesto | K101: Tarjeta | L101: 9.02 | M101: =IF(A101="","",IF(D101="Ingreso",L101,IF(D101="Ahorro",-L101,IF(D101="Transferencia",0,-L101)))) -> -9.02 | O101: =IF(COUNTA(A101:N101)=0,"",IF(OR(A101="",D101="",F101="",G101="",H101="",I101="",L101=""),"Revisar","OK")) -> OK
A102: 45770 | B102: =IF(A102="","",CHOOSE(MONTH(A102),"Enero","Febrero","Marzo","Abril","Mayo","Junio","Julio","Agosto","Septiembre","Octubre","Noviembre","Diciembre")) -> Abril | C102: =IF(A102="","",YEAR(A102)) -> 2025 | D102: Gasto | E102: Tarjeta débito | F102: Cine o eventos | G102: Ocio y cultura | H102: Deseos | I102: Variable | J102: Plan cultural o evento | K102: Tarjeta | L102: 30.64 | M102: =IF(A102="","",IF(D102="Ingreso",L102,IF(D102="Ahorro",-L102,IF(D102="Transferencia",0,-L102)))) -> -30.64 | O102: =IF(COUNTA(A102:N102)=0,"",IF(OR(A102="",D102="",F102="",G102="",H102="",I102="",L102=""),"Revisar","OK")) -> OK
A103: 45771 | B103: =IF(A103="","",CHOOSE(MONTH(A103),"Enero","Febrero","Marzo","Abril","Mayo","Junio","Julio","Agosto","Septiembre","Octubre","Noviembre","Diciembre")) -> Abril | C103: =IF(A103="","",YEAR(A103)) -> 2025 | D103: Gasto | E103: Tarjeta débito | F103: Supermercado | G103: Alimentación | H103: Necesidades | I103: Variable | J103: Compra de supermercado | K103: Tarjeta | L103: 97.4 | M103: =IF(A103="","",IF(D103="Ingreso",L103,IF(D103="Ahorro",-L103,IF(D103="Transferencia",0,-L103)))) -> -97.4 | O103: =IF(COUNTA(A103:N103)=0,"",IF(OR(A103="",D103="",F103="",G103="",H103="",I103="",L103=""),"Revisar","OK")) -> OK
A104: 45772 | B104: =IF(A104="","",CHOOSE(MONTH(A104),"Enero","Febrero","Marzo","Abril","Mayo","Junio","Julio","Agosto","Septiembre","Octubre","Noviembre","Diciembre")) -> Abril | C104: =IF(A104="","",YEAR(A104)) -> 2025 | D104: Gasto | E104: Tarjeta transporte | F104: Transporte público | G104: Movilidad | H104: Necesidades | I104: Variable | J104: Recarga o trayecto urbano | K104: Tarjeta | L104: 10.27 | M104: =IF(A104="","",IF(D104="Ingreso",L104,IF(D104="Ahorro",-L104,IF(D104="Transferencia",0,-L104)))) -> -10.27 | O104: =IF(COUNTA(A104:N104)=0,"",IF(OR(A104="",D104="",F104="",G104="",H104="",I104="",L104=""),"Revisar","OK")) -> OK
A105: 45773 | B105: =IF(A105="","",CHOOSE(MONTH(A105),"Enero","Febrero","Marzo","Abril","Mayo","Junio","Julio","Agosto","Septiembre","Octubre","Noviembre","Diciembre")) -> Abril | C105: =IF(A105="","",YEAR(A105)) -> 2025 | D105: Gasto | E105: Tarjeta débito | F105: Mercado local | G105: Alimentación | H105: Necesidades | I105: Variable | J105: Compra en mercado local | K105: Efectivo | L105: 49.95 | M105: =IF(A105="","",IF(D105="Ingreso",L105,IF(D105="Ahorro",-L105,IF(D105="Transferencia",0,-L105)))) -> -49.95 | O105: =IF(COUNTA(A105:N105)=0,"",IF(OR(A105="",D105="",F105="",G105="",H105="",I105="",L105=""),"Revisar","OK")) -> OK
A106: 45774 | B106: =IF(A106="","",CHOOSE(MONTH(A106),"Enero","Febrero","Marzo","Abril","Mayo","Junio","Julio","Agosto","Septiembre","Octubre","Noviembre","Diciembre")) -> Abril | C106: =IF(A106="","",YEAR(A106)) -> 2025 | D106: Ahorro | E106: Cuenta ahorro | F106: Fondo de emergencia | G106: Ahorro planificado | H106: Ahorro | I106: Fijo | J106: Transferencia a ahorro base | K106: Transferencia | L106: 247.72 | M106: =IF(A106="","",IF(D106="Ingreso",L106,IF(D106="Ahorro",-L106,IF(D106="Transferencia",0,-L106)))) -> -247.72 | O106: =IF(COUNTA(A106:N106)=0,"",IF(OR(A106="",D106="",F106="",G106="",H106="",I106="",L106=""),"Revisar","OK")) -> OK
A107: 45775 | B107: =IF(A107="","",CHOOSE(MONTH(A107),"Enero","Febrero","Marzo","Abril","Mayo","Junio","Julio","Agosto","Septiembre","Octubre","Noviembre","Diciembre")) -> Abril | C107: =IF(A107="","",YEAR(A107)) -> 2025 | D107: Gasto | E107: Tarjeta débito | F107: Cafetería | G107: Ocio y cultura | H107: Deseos | I107: Variable | J107: Consumo fuera de casa | K107: Bizum | L107: 25.8 | M107: =IF(A107="","",IF(D107="Ingreso",L107,IF(D107="Ahorro",-L107,IF(D107="Transferencia",0,-L107)))) -> -25.8 | O107: =IF(COUNTA(A107:N107)=0,"",IF(OR(A107="",D107="",F107="",G107="",H107="",I107="",L107=""),"Revisar","OK")) -> OK
A108: 45775 | B108: =IF(A108="","",CHOOSE(MONTH(A108),"Enero","Febrero","Marzo","Abril","Mayo","Junio","Julio","Agosto","Septiembre","Octubre","Noviembre","Diciembre")) -> Abril | C108: =IF(A108="","",YEAR(A108)) -> 2025 | D108: Ahorro | E108: Cuenta ahorro | F108: Viaje anual | G108: Ahorro planificado | H108: Ahorro | I108: Variable | J108: Ahorro para objetivo anual | K108: Transferencia | L108: 58.89 | M108: =IF(A108="","",IF(D108="Ingreso",L108,IF(D108="Ahorro",-L108,IF(D108="Transferencia",0,-L108)))) -> -58.89 | O108: =IF(COUNTA(A108:N108)=0,"",IF(OR(A108="",D108="",F108="",G108="",H108="",I108="",L108=""),"Revisar","OK")) -> OK
A109: 45778 | B109: =IF(A109="","",CHOOSE(MONTH(A109),"Enero","Febrero","Marzo","Abril","Mayo","Junio","Julio","Agosto","Septiembre","Octubre","Noviembre","Diciembre")) -> Mayo | C109: =IF(A109="","",YEAR(A109)) -> 2025 | D109: Ingreso | E109: Cuenta nómina | F109: Nómina principal | G109: Ingresos fijos | H109: Ingresos | I109: Fijo | J109: Ingreso mensual neto | K109: Transferencia | L109: 2491.07 | M109: =IF(A109="","",IF(D109="Ingreso",L109,IF(D109="Ahorro",-L109,IF(D109="Transferencia",0,-L109)))) -> 2491.07 | O109: =IF(COUNTA(A109:N109)=0,"",IF(OR(A109="",D109="",F109="",G109="",H109="",I109="",L109=""),"Revisar","OK")) -> OK
A110: 45779 | B110: =IF(A110="","",CHOOSE(MONTH(A110),"Enero","Febrero","Marzo","Abril","Mayo","Junio","Julio","Agosto","Septiembre","Octubre","Noviembre","Diciembre")) -> Mayo | C110: =IF(A110="","",YEAR(A110)) -> 2025 | D110: Gasto | E110: Cuenta hogar | F110: Alquiler | G110: Vivienda | H110: Necesidades | I110: Fijo | J110: Pago del alquiler | K110: Transferencia | L110: 980 | M110: =IF(A110="","",IF(D110="Ingreso",L110,IF(D110="Ahorro",-L110,IF(D110="Transferencia",0,-L110)))) -> -980 | O110: =IF(COUNTA(A110:N110)=0,"",IF(OR(A110="",D110="",F110="",G110="",H110="",I110="",L110=""),"Revisar","OK")) -> OK
... A170: 45853 | B170: =IF(A170="","",CHOOSE(MONTH(A170),"Enero","Febrero","Marzo","Abril","Mayo","Junio","Julio","Agosto","Septiembre","Octubre","Noviembre","Diciembre")) -> Julio | C170: =IF(A170="","",YEAR(A170)) -> 2025 | D170: Gasto | E170: Tarjeta débito | F170: Libros y cursos | G170: Desarrollo personal | H170: Deseos | I170: Variable | J170: Libro, curso o material | K170: Tarjeta | L170: 49.13 | M170: =IF(A170="","",IF(D170="Ingreso",L170,IF(D170="Ahorro",-L170,IF(D170="Transferencia",0,-L170)))) -> -49.13 | O170: =IF(COUNTA(A170:N170)=0,"",IF(OR(A170="",D170="",F170="",G170="",H170="",I170="",L170=""),"Revisar","OK")) -> OK
A171: 45854 | B171: =IF(A171="","",CHOOSE(MONTH(A171),"Enero","Febrero","Marzo","Abril","Mayo","Junio","Julio","Agosto","Septiembre","Octubre","Noviembre","Diciembre")) -> Julio | C171: =IF(A171="","",YEAR(A171)) -> 2025 | D171: Ingreso | E171: Cuenta nómina | F171: Ingreso puntual | G171: Ingresos extra | H171: Ingresos | I171: Variable | J171: Venta puntual de segunda mano | K171: Transferencia | L171: 106.12 | M171: =IF(A171="","",IF(D171="Ingreso",L171,IF(D171="Ahorro",-L171,IF(D171="Transferencia",0,-L171)))) -> 106.12 | N171: Ingreso no recurrente | O171: =IF(COUNTA(A171:N171)=0,"",IF(OR(A171="",D171="",F171="",G171="",H171="",I171="",L171=""),"Revisar","OK")) -> OK
A172: 45855 | B172: =IF(A172="","",CHOOSE(MONTH(A172),"Enero","Febrero","Marzo","Abril","Mayo","Junio","Julio","Agosto","Septiembre","Octubre","Noviembre","Diciembre")) -> Julio | C172: =IF(A172="","",YEAR(A172)) -> 2025 | D172: Gasto | E172: Tarjeta débito | F172: Supermercado | G172: Alimentación | H172: Necesidades | I172: Variable | J172: Compra de supermercado | K172: Tarjeta | L172: 67.33 | M172: =IF(A172="","",IF(D172="Ingreso",L172,IF(D172="Ahorro",-L172,IF(D172="Transferencia",0,-L172)))) -> -67.33 | O172: =IF(COUNTA(A172:N172)=0,"",IF(OR(A172="",D172="",F172="",G172="",H172="",I172="",L172=""),"Revisar","OK")) -> OK
A173: 45856 | B173: =IF(A173="","",CHOOSE(MONTH(A173),"Enero","Febrero","Marzo","Abril","Mayo","Junio","Julio","Agosto","Septiembre","Octubre","Noviembre","Diciembre")) -> Julio | C173: =IF(A173="","",YEAR(A173)) -> 2025 | D173: Gasto | E173: Tarjeta transporte | F173: Transporte público | G173: Movilidad | H173: Necesidades | I173: Variable | J173: Recarga o trayecto urbano | K173: Tarjeta | L173: 7.54 | M173: =IF(A173="","",IF(D173="Ingreso",L173,IF(D173="Ahorro",-L173,IF(D173="Transferencia",0,-L173)))) -> -7.54 | O173: =IF(COUNTA(A173:N173)=0,"",IF(OR(A173="",D173="",F173="",G173="",H173="",I173="",L173=""),"Revisar","OK")) -> OK
A174: 45858 | B174: =IF(A174="","",CHOOSE(MONTH(A174),"Enero","Febrero","Marzo","Abril","Mayo","Junio","Julio","Agosto","Septiembre","Octubre","Noviembre","Diciembre")) -> Julio | C174: =IF(A174="","",YEAR(A174)) -> 2025 | D174: Gasto | E174: Tarjeta débito | F174: Cafetería | G174: Ocio y cultura | H174: Deseos | I174: Variable | J174: Consumo fuera de casa | K174: Tarjeta | L174: 30.1 | M174: =IF(A174="","",IF(D174="Ingreso",L174,IF(D174="Ahorro",-L174,IF(D174="Transferencia",0,-L174)))) -> -30.1 | O174: =IF(COUNTA(A174:N174)=0,"",IF(OR(A174="",D174="",F174="",G174="",H174="",I174="",L174=""),"Revisar","OK")) -> OK
A175: 45860 | B175: =IF(A175="","",CHOOSE(MONTH(A175),"Enero","Febrero","Marzo","Abril","Mayo","Junio","Julio","Agosto","Septiembre","Octubre","Noviembre","Diciembre")) -> Julio | C175: =IF(A175="","",YEAR(A175)) -> 2025 | D175: Gasto | E175: Tarjeta débito | F175: Cine o eventos | G175: Ocio y cultura | H175: Deseos | I175: Variable | J175: Plan cultural o evento | K175: Tarjeta | L175: 15.96 | M175: =IF(A175="","",IF(D175="Ingreso",L175,IF(D175="Ahorro",-L175,IF(D175="Transferencia",0,-L175)))) -> -15.96 | O175: =IF(COUNTA(A175:N175)=0,"",IF(OR(A175="",D175="",F175="",G175="",H175="",I175="",L175=""),"Revisar","OK")) -> OK
A176: 45862 | B176: =IF(A176="","",CHOOSE(MONTH(A176),"Enero","Febrero","Marzo","Abril","Mayo","Junio","Julio","Agosto","Septiembre","Octubre","Noviembre","Diciembre")) -> Julio | C176: =IF(A176="","",YEAR(A176)) -> 2025 | D176: Gasto | E176: Tarjeta débito | F176: Supermercado | G176: Alimentación | H176: Necesidades | I176: Variable | J176: Compra de supermercado | K176: Tarjeta | L176: 100.46 | M176: =IF(A176="","",IF(D176="Ingreso",L176,IF(D176="Ahorro",-L176,IF(D176="Transferencia",0,-L176)))) -> -100.46 | O176: =IF(COUNTA(A176:N176)=0,"",IF(OR(A176="",D176="",F176="",G176="",H176="",I176="",L176=""),"Revisar","OK")) -> OK
A177: 45863 | B177: =IF(A177="","",CHOOSE(MONTH(A177),"Enero","Febrero","Marzo","Abril","Mayo","Junio","Julio","Agosto","Septiembre","Octubre","Noviembre","Diciembre")) -> Julio | C177: =IF(A177="","",YEAR(A177)) -> 2025 | D177: Gasto | E177: Tarjeta transporte | F177: Transporte público | G177: Movilidad | H177: Necesidades | I177: Variable | J177: Recarga o trayecto urbano | K177: Tarjeta | L177: 9.99 | M177: =IF(A177="","",IF(D177="Ingreso",L177,IF(D177="Ahorro",-L177,IF(D177="Transferencia",0,-L177)))) -> -9.99 | O177: =IF(COUNTA(A177:N177)=0,"",IF(OR(A177="",D177="",F177="",G177="",H177="",I177="",L177=""),"Revisar","OK")) -> OK
A178: 45864 | B178: =IF(A178="","",CHOOSE(MONTH(A178),"Enero","Febrero","Marzo","Abril","Mayo","Junio","Julio","Agosto","Septiembre","Octubre","Noviembre","Diciembre")) -> Julio | C178: =IF(A178="","",YEAR(A178)) -> 2025 | D178: Gasto | E178: Tarjeta débito | F178: Mercado local | G178: Alimentación | H178: Necesidades | I178: Variable | J178: Compra en mercado local | K178: Efectivo | L178: 35.95 | M178: =IF(A178="","",IF(D178="Ingreso",L178,IF(D178="Ahorro",-L178,IF(D178="Transferencia",0,-L178)))) -> -35.95 | O178: =IF(COUNTA(A178:N178)=0,"",IF(OR(A178="",D178="",F178="",G178="",H178="",I178="",L178=""),"Revisar","OK")) -> OK
A179: 45865 | B179: =IF(A179="","",CHOOSE(MONTH(A179),"Enero","Febrero","Marzo","Abril","Mayo","Junio","Julio","Agosto","Septiembre","Octubre","Noviembre","Diciembre")) -> Julio | C179: =IF(A179="","",YEAR(A179)) -> 2025 | D179: Ahorro | E179: Cuenta ahorro | F179: Fondo de emergencia | G179: Ahorro planificado | H179: Ahorro | I179: Fijo | J179: Transferencia a ahorro base | K179: Transferencia | L179: 241.2 | M179: =IF(A179="","",IF(D179="Ingreso",L179,IF(D179="Ahorro",-L179,IF(D179="Transferencia",0,-L179)))) -> -241.2 | O179: =IF(COUNTA(A179:N179)=0,"",IF(OR(A179="",D179="",F179="",G179="",H179="",I179="",L179=""),"Revisar","OK")) -> OK
A180: 45866 | B180: =IF(A180="","",CHOOSE(MONTH(A180),"Enero","Febrero","Marzo","Abril","Mayo","Junio","Julio","Agosto","Septiembre","Octubre","Noviembre","Diciembre")) -> Julio | C180: =IF(A180="","",YEAR(A180)) -> 2025 | D180: Gasto | E180: Tarjeta débito | F180: Cafetería | G180: Ocio y cultura | H180: Deseos | I180: Variable | J180: Consumo fuera de casa | K180: Bizum | L180: 25.6 | M180: =IF(A180="","",IF(D180="Ingreso",L180,IF(D180="Ahorro",-L180,IF(D180="Transferencia",0,-L180)))) -> -25.6 | O180: =IF(COUNTA(A180:N180)=0,"",IF(OR(A180="",D180="",F180="",G180="",H180="",I180="",L180=""),"Revisar","OK")) -> OK
A181: 45866 | B181: =IF(A181="","",CHOOSE(MONTH(A181),"Enero","Febrero","Marzo","Abril","Mayo","Junio","Julio","Agosto","Septiembre","Octubre","Noviembre","Diciembre")) -> Julio | C181: =IF(A181="","",YEAR(A181)) -> 2025 | D181: Ahorro | E181: Cuenta ahorro | F181: Viaje anual | G181: Ahorro planificado | H181: Ahorro | I181: Variable | J181: Ahorro para objetivo anual | K181: Transferencia | L181: 52.57 | M181: =IF(A181="","",IF(D181="Ingreso",L181,IF(D181="Ahorro",-L181,IF(D181="Transferencia",0,-L181)))) -> -52.57 | O181: =IF(COUNTA(A181:N181)=0,"",IF(OR(A181="",D181="",F181="",G181="",H181="",I181="",L181=""),"Revisar","OK")) -> OK
A182: 45870 | B182: =IF(A182="","",CHOOSE(MONTH(A182),"Enero","Febrero","Marzo","Abril","Mayo","Junio","Julio","Agosto","Septiembre","Octubre","Noviembre","Diciembre")) -> Agosto | C182: =IF(A182="","",YEAR(A182)) -> 2025 | D182: Ingreso | E182: Cuenta nómina | F182: Nómina principal | G182: Ingresos fijos | H182: Ingresos | I182: Fijo | J182: Ingreso mensual neto | K182: Transferencia | L182: 2469.13 | M182: =IF(A182="","",IF(D182="Ingreso",L182,IF(D182="Ahorro",-L182,IF(D182="Transferencia",0,-L182)))) -> 2469.13 | O182: =IF(COUNTA(A182:N182)=0,"",IF(OR(A182="",D182="",F182="",G182="",H182="",I182="",L182=""),"Revisar","OK")) -> OK
A183: 45871 | B183: =IF(A183="","",CHOOSE(MONTH(A183),"Enero","Febrero","Marzo","Abril","Mayo","Junio","Julio","Agosto","Septiembre","Octubre","Noviembre","Diciembre")) -> Agosto | C183: =IF(A183="","",YEAR(A183)) -> 2025 | D183: Gasto | E183: Cuenta hogar | F183: Alquiler | G183: Vivienda | H183: Necesidades | I183: Fijo | J183: Pago del alquiler | K183: Transferencia | L183: 980 | M183: =IF(A183="","",IF(D183="Ingreso",L183,IF(D183="Ahorro",-L183,IF(D183="Transferencia",0,-L183)))) -> -980 | O183: =IF(COUNTA(A183:N183)=0,"",IF(OR(A183="",D183="",F183="",G183="",H183="",I183="",L183=""),"Revisar","OK")) -> OK
... A222: 45918 | B222: =IF(A222="","",CHOOSE(MONTH(A222),"Enero","Febrero","Marzo","Abril","Mayo","Junio","Julio","Agosto","Septiembre","Octubre","Noviembre","Diciembre")) -> Septiembre | C222: =IF(A222="","",YEAR(A222)) -> 2025 | D222: Gasto | E222: Tarjeta transporte | F222: Transporte público | G222: Movilidad | H222: Necesidades | I222: Variable | J222: Recarga o trayecto urbano | K222: Tarjeta | L222: 13.08 | M222: =IF(A222="","",IF(D222="Ingreso",L222,IF(D222="Ahorro",-L222,IF(D222="Transferencia",0,-L222)))) -> -13.08 | O222: =IF(COUNTA(A222:N222)=0,"",IF(OR(A222="",D222="",F222="",G222="",H222="",I222="",L222=""),"Revisar","OK")) -> OK
A223: 45919 | B223: =IF(A223="","",CHOOSE(MONTH(A223),"Enero","Febrero","Marzo","Abril","Mayo","Junio","Julio","Agosto","Septiembre","Octubre","Noviembre","Diciembre")) -> Septiembre | C223: =IF(A223="","",YEAR(A223)) -> 2025 | D223: Ingreso | E223: Cuenta nómina | F223: Ingreso puntual | G223: Ingresos extra | H223: Ingresos | I223: Variable | J223: Proyecto pequeño cobrado | K223: Transferencia | L223: 224.25 | M223: =IF(A223="","",IF(D223="Ingreso",L223,IF(D223="Ahorro",-L223,IF(D223="Transferencia",0,-L223)))) -> 224.25 | N223: Ingreso no recurrente | O223: =IF(COUNTA(A223:N223)=0,"",IF(OR(A223="",D223="",F223="",G223="",H223="",I223="",L223=""),"Revisar","OK")) -> OK
A224: 45920 | B224: =IF(A224="","",CHOOSE(MONTH(A224),"Enero","Febrero","Marzo","Abril","Mayo","Junio","Julio","Agosto","Septiembre","Octubre","Noviembre","Diciembre")) -> Septiembre | C224: =IF(A224="","",YEAR(A224)) -> 2025 | D224: Gasto | E224: Tarjeta débito | F224: Cafetería | G224: Ocio y cultura | H224: Deseos | I224: Variable | J224: Consumo fuera de casa | K224: Bizum | L224: 19.22 | M224: =IF(A224="","",IF(D224="Ingreso",L224,IF(D224="Ahorro",-L224,IF(D224="Transferencia",0,-L224)))) -> -19.22 | O224: =IF(COUNTA(A224:N224)=0,"",IF(OR(A224="",D224="",F224="",G224="",H224="",I224="",L224=""),"Revisar","OK")) -> OK
A225: 45924 | B225: =IF(A225="","",CHOOSE(MONTH(A225),"Enero","Febrero","Marzo","Abril","Mayo","Junio","Julio","Agosto","Septiembre","Octubre","Noviembre","Diciembre")) -> Septiembre | C225: =IF(A225="","",YEAR(A225)) -> 2025 | D225: Gasto | E225: Tarjeta débito | F225: Supermercado | G225: Alimentación | H225: Necesidades | I225: Variable | J225: Compra de supermercado | K225: Tarjeta | L225: 92.73 | M225: =IF(A225="","",IF(D225="Ingreso",L225,IF(D225="Ahorro",-L225,IF(D225="Transferencia",0,-L225)))) -> -92.73 | O225: =IF(COUNTA(A225:N225)=0,"",IF(OR(A225="",D225="",F225="",G225="",H225="",I225="",L225=""),"Revisar","OK")) -> OK
A226: 45925 | B226: =IF(A226="","",CHOOSE(MONTH(A226),"Enero","Febrero","Marzo","Abril","Mayo","Junio","Julio","Agosto","Septiembre","Octubre","Noviembre","Diciembre")) -> Septiembre | C226: =IF(A226="","",YEAR(A226)) -> 2025 | D226: Gasto | E226: Tarjeta transporte | F226: Transporte público | G226: Movilidad | H226: Necesidades | I226: Variable | J226: Recarga o trayecto urbano | K226: Tarjeta | L226: 7.33 | M226: =IF(A226="","",IF(D226="Ingreso",L226,IF(D226="Ahorro",-L226,IF(D226="Transferencia",0,-L226)))) -> -7.33 | O226: =IF(COUNTA(A226:N226)=0,"",IF(OR(A226="",D226="",F226="",G226="",H226="",I226="",L226=""),"Revisar","OK")) -> OK
A227: 45926 | B227: =IF(A227="","",CHOOSE(MONTH(A227),"Enero","Febrero","Marzo","Abril","Mayo","Junio","Julio","Agosto","Septiembre","Octubre","Noviembre","Diciembre")) -> Septiembre | C227: =IF(A227="","",YEAR(A227)) -> 2025 | D227: Gasto | E227: Tarjeta débito | F227: Mercado local | G227: Alimentación | H227: Necesidades | I227: Variable | J227: Compra en mercado local | K227: Tarjeta | L227: 42.57 | M227: =IF(A227="","",IF(D227="Ingreso",L227,IF(D227="Ahorro",-L227,IF(D227="Transferencia",0,-L227)))) -> -42.57 | O227: =IF(COUNTA(A227:N227)=0,"",IF(OR(A227="",D227="",F227="",G227="",H227="",I227="",L227=""),"Revisar","OK")) -> OK
A228: 45927 | B228: =IF(A228="","",CHOOSE(MONTH(A228),"Enero","Febrero","Marzo","Abril","Mayo","Junio","Julio","Agosto","Septiembre","Octubre","Noviembre","Diciembre")) -> Septiembre | C228: =IF(A228="","",YEAR(A228)) -> 2025 | D228: Ahorro | E228: Cuenta ahorro | F228: Fondo de emergencia | G228: Ahorro planificado | H228: Ahorro | I228: Fijo | J228: Transferencia a ahorro base | K228: Transferencia | L228: 247.17 | M228: =IF(A228="","",IF(D228="Ingreso",L228,IF(D228="Ahorro",-L228,IF(D228="Transferencia",0,-L228)))) -> -247.17 | O228: =IF(COUNTA(A228:N228)=0,"",IF(OR(A228="",D228="",F228="",G228="",H228="",I228="",L228=""),"Revisar","OK")) -> OK
A229: 45928 | B229: =IF(A229="","",CHOOSE(MONTH(A229),"Enero","Febrero","Marzo","Abril","Mayo","Junio","Julio","Agosto","Septiembre","Octubre","Noviembre","Diciembre")) -> Septiembre | C229: =IF(A229="","",YEAR(A229)) -> 2025 | D229: Gasto | E229: Tarjeta débito | F229: Cafetería | G229: Ocio y cultura | H229: Deseos | I229: Variable | J229: Consumo fuera de casa | K229: Bizum | L229: 15.5 | M229: =IF(A229="","",IF(D229="Ingreso",L229,IF(D229="Ahorro",-L229,IF(D229="Transferencia",0,-L229)))) -> -15.5 | O229: =IF(COUNTA(A229:N229)=0,"",IF(OR(A229="",D229="",F229="",G229="",H229="",I229="",L229=""),"Revisar","OK")) -> OK
A230: 45928 | B230: =IF(A230="","",CHOOSE(MONTH(A230),"Enero","Febrero","Marzo","Abril","Mayo","Junio","Julio","Agosto","Septiembre","Octubre","Noviembre","Diciembre")) -> Septiembre | C230: =IF(A230="","",YEAR(A230)) -> 2025 | D230: Ahorro | E230: Cuenta ahorro | F230: Viaje anual | G230: Ahorro planificado | H230: Ahorro | I230: Variable | J230: Ahorro para objetivo anual | K230: Transferencia | L230: 62.01 | M230: =IF(A230="","",IF(D230="Ingreso",L230,IF(D230="Ahorro",-L230,IF(D230="Transferencia",0,-L230)))) -> -62.01 | O230: =IF(COUNTA(A230:N230)=0,"",IF(OR(A230="",D230="",F230="",G230="",H230="",I230="",L230=""),"Revisar","OK")) -> OK
A231: 45931 | B231: =IF(A231="","",CHOOSE(MONTH(A231),"Enero","Febrero","Marzo","Abril","Mayo","Junio","Julio","Agosto","Septiembre","Octubre","Noviembre","Diciembre")) -> Octubre | C231: =IF(A231="","",YEAR(A231)) -> 2025 | D231: Ingreso | E231: Cuenta nómina | F231: Nómina principal | G231: Ingresos fijos | H231: Ingresos | I231: Fijo | J231: Ingreso mensual neto | K231: Transferencia | L231: 2489.44 | M231: =IF(A231="","",IF(D231="Ingreso",L231,IF(D231="Ahorro",-L231,IF(D231="Transferencia",0,-L231)))) -> 2489.44 | O231: =IF(COUNTA(A231:N231)=0,"",IF(OR(A231="",D231="",F231="",G231="",H231="",I231="",L231=""),"Revisar","OK")) -> OK
A232: 45932 | B232: =IF(A232="","",CHOOSE(MONTH(A232),"Enero","Febrero","Marzo","Abril","Mayo","Junio","Julio","Agosto","Septiembre","Octubre","Noviembre","Diciembre")) -> Octubre | C232: =IF(A232="","",YEAR(A232)) -> 2025 | D232: Gasto | E232: Cuenta hogar | F232: Alquiler | G232: Vivienda | H232: Necesidades | I232: Fijo | J232: Pago del alquiler | K232: Transferencia | L232: 980 | M232: =IF(A232="","",IF(D232="Ingreso",L232,IF(D232="Ahorro",-L232,IF(D232="Transferencia",0,-L232)))) -> -980 | O232: =IF(COUNTA(A232:N232)=0,"",IF(OR(A232="",D232="",F232="",G232="",H232="",I232="",L232=""),"Revisar","OK")) -> OK
A233: 45933 | B233: =IF(A233="","",CHOOSE(MONTH(A233),"Enero","Febrero","Marzo","Abril","Mayo","Junio","Julio","Agosto","Septiembre","Octubre","Noviembre","Diciembre")) -> Octubre | C233: =IF(A233="","",YEAR(A233)) -> 2025 | D233: Gasto | E233: Tarjeta débito | F233: Supermercado | G233: Alimentación | H233: Necesidades | I233: Variable | J233: Compra de supermercado | K233: Tarjeta | L233: 91.42 | M233: =IF(A233="","",IF(D233="Ingreso",L233,IF(D233="Ahorro",-L233,IF(D233="Transferencia",0,-L233)))) -> -91.42 | O233: =IF(COUNTA(A233:N233)=0,"",IF(OR(A233="",D233="",F233="",G233="",H233="",I233="",L233=""),"Revisar","OK")) -> OK
A234: 45934 | B234: =IF(A234="","",CHOOSE(MONTH(A234),"Enero","Febrero","Marzo","Abril","Mayo","Junio","Julio","Agosto","Septiembre","Octubre","Noviembre","Diciembre")) -> Octubre | C234: =IF(A234="","",YEAR(A234)) -> 2025 | D234: Gasto | E234: Tarjeta transporte | F234: Transporte público | G234: Movilidad | H234: Necesidades | I234: Variable | J234: Recarga o trayecto urbano | K234: Tarjeta | L234: 6.89 | M234: =IF(A234="","",IF(D234="Ingreso",L234,IF(D234="Ahorro",-L234,IF(D234="Transferencia",0,-L234)))) -> -6.89 | O234: =IF(COUNTA(A234:N234)=0,"",IF(OR(A234="",D234="",F234="",G234="",H234="",I234="",L234=""),"Revisar","OK")) -> OK
A235: 45935 | B235: =IF(A235="","",CHOOSE(MONTH(A235),"Enero","Febrero","Marzo","Abril","Mayo","Junio","Julio","Agosto","Septiembre","Octubre","Noviembre","Diciembre")) -> Octubre | C235: =IF(A235="","",YEAR(A235)) -> 2025 | D235: Gasto | E235: Cuenta hogar | F235: Electricidad | G235: Vivienda | H235: Necesidades | I235: Fijo | J235: Factura de electricidad | K235: Domiciliado | L235: 38.16 | M235: =IF(A235="","",IF(D235="Ingreso",L235,IF(D235="Ahorro",-L235,IF(D235="Transferencia",0,-L235)))) -> -38.16 | O235: =IF(COUNTA(A235:N235)=0,"",IF(OR(A235="",D235="",F235="",G235="",H235="",I235="",L235=""),"Revisar","OK")) -> OK
... A268: 45975 | B268: =IF(A268="","",CHOOSE(MONTH(A268),"Enero","Febrero","Marzo","Abril","Mayo","Junio","Julio","Agosto","Septiembre","Octubre","Noviembre","Diciembre")) -> Noviembre | C268: =IF(A268="","",YEAR(A268)) -> 2025 | D268: Gasto | E268: Tarjeta débito | F268: Cafetería | G268: Ocio y cultura | H268: Deseos | I268: Variable | J268: Consumo fuera de casa | K268: Tarjeta | L268: 31.09 | M268: =IF(A268="","",IF(D268="Ingreso",L268,IF(D268="Ahorro",-L268,IF(D268="Transferencia",0,-L268)))) -> -31.09 | O268: =IF(COUNTA(A268:N268)=0,"",IF(OR(A268="",D268="",F268="",G268="",H268="",I268="",L268=""),"Revisar","OK")) -> OK
A269: 45977 | B269: =IF(A269="","",CHOOSE(MONTH(A269),"Enero","Febrero","Marzo","Abril","Mayo","Junio","Julio","Agosto","Septiembre","Octubre","Noviembre","Diciembre")) -> Noviembre | C269: =IF(A269="","",YEAR(A269)) -> 2025 | D269: Ingreso | E269: Cuenta nómina | F269: Ingreso puntual | G269: Ingresos extra | H269: Ingresos | I269: Variable | J269: Venta puntual de segunda mano | K269: Transferencia | L269: 202.91 | M269: =IF(A269="","",IF(D269="Ingreso",L269,IF(D269="Ahorro",-L269,IF(D269="Transferencia",0,-L269)))) -> 202.91 | N269: Ingreso no recurrente | O269: =IF(COUNTA(A269:N269)=0,"",IF(OR(A269="",D269="",F269="",G269="",H269="",I269="",L269=""),"Revisar","OK")) -> OK
A270: 45977 | B270: =IF(A270="","",CHOOSE(MONTH(A270),"Enero","Febrero","Marzo","Abril","Mayo","Junio","Julio","Agosto","Septiembre","Octubre","Noviembre","Diciembre")) -> Noviembre | C270: =IF(A270="","",YEAR(A270)) -> 2025 | D270: Gasto | E270: Tarjeta débito | F270: Cine o eventos | G270: Ocio y cultura | H270: Deseos | I270: Variable | J270: Plan cultural o evento | K270: Tarjeta | L270: 13.83 | M270: =IF(A270="","",IF(D270="Ingreso",L270,IF(D270="Ahorro",-L270,IF(D270="Transferencia",0,-L270)))) -> -13.83 | O270: =IF(COUNTA(A270:N270)=0,"",IF(OR(A270="",D270="",F270="",G270="",H270="",I270="",L270=""),"Revisar","OK")) -> OK
A271: 45978 | B271: =IF(A271="","",CHOOSE(MONTH(A271),"Enero","Febrero","Marzo","Abril","Mayo","Junio","Julio","Agosto","Septiembre","Octubre","Noviembre","Diciembre")) -> Noviembre | C271: =IF(A271="","",YEAR(A271)) -> 2025 | D271: Gasto | E271: Tarjeta débito | F271: Supermercado | G271: Alimentación | H271: Necesidades | I271: Variable | J271: Compra de supermercado | K271: Tarjeta | L271: 98.58 | M271: =IF(A271="","",IF(D271="Ingreso",L271,IF(D271="Ahorro",-L271,IF(D271="Transferencia",0,-L271)))) -> -98.58 | O271: =IF(COUNTA(A271:N271)=0,"",IF(OR(A271="",D271="",F271="",G271="",H271="",I271="",L271=""),"Revisar","OK")) -> OK
A272: 45979 | B272: =IF(A272="","",CHOOSE(MONTH(A272),"Enero","Febrero","Marzo","Abril","Mayo","Junio","Julio","Agosto","Septiembre","Octubre","Noviembre","Diciembre")) -> Noviembre | C272: =IF(A272="","",YEAR(A272)) -> 2025 | D272: Gasto | E272: Tarjeta transporte | F272: Transporte público | G272: Movilidad | H272: Necesidades | I272: Variable | J272: Recarga o trayecto urbano | K272: Tarjeta | L272: 8.77 | M272: =IF(A272="","",IF(D272="Ingreso",L272,IF(D272="Ahorro",-L272,IF(D272="Transferencia",0,-L272)))) -> -8.77 | O272: =IF(COUNTA(A272:N272)=0,"",IF(OR(A272="",D272="",F272="",G272="",H272="",I272="",L272=""),"Revisar","OK")) -> OK
A273: 45980 | B273: =IF(A273="","",CHOOSE(MONTH(A273),"Enero","Febrero","Marzo","Abril","Mayo","Junio","Julio","Agosto","Septiembre","Octubre","Noviembre","Diciembre")) -> Noviembre | C273: =IF(A273="","",YEAR(A273)) -> 2025 | D273: Gasto | E273: Tarjeta débito | F273: Libros y cursos | G273: Desarrollo personal | H273: Deseos | I273: Variable | J273: Libro, curso o material | K273: Tarjeta | L273: 45.48 | M273: =IF(A273="","",IF(D273="Ingreso",L273,IF(D273="Ahorro",-L273,IF(D273="Transferencia",0,-L273)))) -> -45.48 | O273: =IF(COUNTA(A273:N273)=0,"",IF(OR(A273="",D273="",F273="",G273="",H273="",I273="",L273=""),"Revisar","OK")) -> OK
A274: 45981 | B274: =IF(A274="","",CHOOSE(MONTH(A274),"Enero","Febrero","Marzo","Abril","Mayo","Junio","Julio","Agosto","Septiembre","Octubre","Noviembre","Diciembre")) -> Noviembre | C274: =IF(A274="","",YEAR(A274)) -> 2025 | D274: Gasto | E274: Tarjeta débito | F274: Cafetería | G274: Ocio y cultura | H274: Deseos | I274: Variable | J274: Consumo fuera de casa | K274: Efectivo | L274: 11.86 | M274: =IF(A274="","",IF(D274="Ingreso",L274,IF(D274="Ahorro",-L274,IF(D274="Transferencia",0,-L274)))) -> -11.86 | O274: =IF(COUNTA(A274:N274)=0,"",IF(OR(A274="",D274="",F274="",G274="",H274="",I274="",L274=""),"Revisar","OK")) -> OK
A275: 45985 | B275: =IF(A275="","",CHOOSE(MONTH(A275),"Enero","Febrero","Marzo","Abril","Mayo","Junio","Julio","Agosto","Septiembre","Octubre","Noviembre","Diciembre")) -> Noviembre | C275: =IF(A275="","",YEAR(A275)) -> 2025 | D275: Gasto | E275: Tarjeta débito | F275: Supermercado | G275: Alimentación | H275: Necesidades | I275: Variable | J275: Compra de supermercado | K275: Tarjeta | L275: 92.5 | M275: =IF(A275="","",IF(D275="Ingreso",L275,IF(D275="Ahorro",-L275,IF(D275="Transferencia",0,-L275)))) -> -92.5 | O275: =IF(COUNTA(A275:N275)=0,"",IF(OR(A275="",D275="",F275="",G275="",H275="",I275="",L275=""),"Revisar","OK")) -> OK
A276: 45986 | B276: =IF(A276="","",CHOOSE(MONTH(A276),"Enero","Febrero","Marzo","Abril","Mayo","Junio","Julio","Agosto","Septiembre","Octubre","Noviembre","Diciembre")) -> Noviembre | C276: =IF(A276="","",YEAR(A276)) -> 2025 | D276: Gasto | E276: Tarjeta transporte | F276: Transporte público | G276: Movilidad | H276: Necesidades | I276: Variable | J276: Recarga o trayecto urbano | K276: Tarjeta | L276: 10.42 | M276: =IF(A276="","",IF(D276="Ingreso",L276,IF(D276="Ahorro",-L276,IF(D276="Transferencia",0,-L276)))) -> -10.42 | O276: =IF(COUNTA(A276:N276)=0,"",IF(OR(A276="",D276="",F276="",G276="",H276="",I276="",L276=""),"Revisar","OK")) -> OK
A277: 45987 | B277: =IF(A277="","",CHOOSE(MONTH(A277),"Enero","Febrero","Marzo","Abril","Mayo","Junio","Julio","Agosto","Septiembre","Octubre","Noviembre","Diciembre")) -> Noviembre | C277: =IF(A277="","",YEAR(A277)) -> 2025 | D277: Gasto | E277: Tarjeta débito | F277: Mercado local | G277: Alimentación | H277: Necesidades | I277: Variable | J277: Compra en mercado local | K277: Efectivo | L277: 45.17 | M277: =IF(A277="","",IF(D277="Ingreso",L277,IF(D277="Ahorro",-L277,IF(D277="Transferencia",0,-L277)))) -> -45.17 | O277: =IF(COUNTA(A277:N277)=0,"",IF(OR(A277="",D277="",F277="",G277="",H277="",I277="",L277=""),"Revisar","OK")) -> OK
A278: 45988 | B278: =IF(A278="","",CHOOSE(MONTH(A278),"Enero","Febrero","Marzo","Abril","Mayo","Junio","Julio","Agosto","Septiembre","Octubre","Noviembre","Diciembre")) -> Noviembre | C278: =IF(A278="","",YEAR(A278)) -> 2025 | D278: Ahorro | E278: Cuenta ahorro | F278: Fondo de emergencia | G278: Ahorro planificado | H278: Ahorro | I278: Fijo | J278: Transferencia a ahorro base | K278: Transferencia | L278: 238.16 | M278: =IF(A278="","",IF(D278="Ingreso",L278,IF(D278="Ahorro",-L278,IF(D278="Transferencia",0,-L278)))) -> -238.16 | O278: =IF(COUNTA(A278:N278)=0,"",IF(OR(A278="",D278="",F278="",G278="",H278="",I278="",L278=""),"Revisar","OK")) -> OK
A279: 45989 | B279: =IF(A279="","",CHOOSE(MONTH(A279),"Enero","Febrero","Marzo","Abril","Mayo","Junio","Julio","Agosto","Septiembre","Octubre","Noviembre","Diciembre")) -> Noviembre | C279: =IF(A279="","",YEAR(A279)) -> 2025 | D279: Gasto | E279: Tarjeta débito | F279: Cafetería | G279: Ocio y cultura | H279: Deseos | I279: Variable | J279: Consumo fuera de casa | K279: Tarjeta | L279: 29.29 | M279: =IF(A279="","",IF(D279="Ingreso",L279,IF(D279="Ahorro",-L279,IF(D279="Transferencia",0,-L279)))) -> -29.29 | O279: =IF(COUNTA(A279:N279)=0,"",IF(OR(A279="",D279="",F279="",G279="",H279="",I279="",L279=""),"Revisar","OK")) -> OK
A280: 45989 | B280: =IF(A280="","",CHOOSE(MONTH(A280),"Enero","Febrero","Marzo","Abril","Mayo","Junio","Julio","Agosto","Septiembre","Octubre","Noviembre","Diciembre")) -> Noviembre | C280: =IF(A280="","",YEAR(A280)) -> 2025 | D280: Ahorro | E280: Cuenta ahorro | F280: Viaje anual | G280: Ahorro planificado | H280: Ahorro | I280: Variable | J280: Ahorro para objetivo anual | K280: Transferencia | L280: 58.6 | M280: =IF(A280="","",IF(D280="Ingreso",L280,IF(D280="Ahorro",-L280,IF(D280="Transferencia",0,-L280)))) -> -58.6 | O280: =IF(COUNTA(A280:N280)=0,"",IF(OR(A280="",D280="",F280="",G280="",H280="",I280="",L280=""),"Revisar","OK")) -> OK
A281: 45992 | B281: =IF(A281="","",CHOOSE(MONTH(A281),"Enero","Febrero","Marzo","Abril","Mayo","Junio","Julio","Agosto","Septiembre","Octubre","Noviembre","Diciembre")) -> Diciembre | C281: =IF(A281="","",YEAR(A281)) -> 2025 | D281: Ingreso | E281: Cuenta nómina | F281: Nómina principal | G281: Ingresos fijos | H281: Ingresos | I281: Fijo | J281: Ingreso mensual neto | K281: Transferencia | L281: 2518.98 | M281: =IF(A281="","",IF(D281="Ingreso",L281,IF(D281="Ahorro",-L281,IF(D281="Transferencia",0,-L281)))) -> 2518.98 | O281: =IF(COUNTA(A281:N281)=0,"",IF(OR(A281="",D281="",F281="",G281="",H281="",I281="",L281=""),"Revisar","OK")) -> OK
... A305: 46019 | B305: =IF(A305="","",CHOOSE(MONTH(A305),"Enero","Febrero","Marzo","Abril","Mayo","Junio","Julio","Agosto","Septiembre","Octubre","Noviembre","Diciembre")) -> Diciembre | C305: =IF(A305="","",YEAR(A305)) -> 2025 | D305: Ahorro | E305: Cuenta ahorro | F305: Viaje anual | G305: Ahorro planificado | H305: Ahorro | I305: Variable | J305: Ahorro para objetivo anual | K305: Transferencia | L305: 70.32 | M305: =IF(A305="","",IF(D305="Ingreso",L305,IF(D305="Ahorro",-L305,IF(D305="Transferencia",0,-L305)))) -> -70.32 | O305: =IF(COUNTA(A305:N305)=0,"",IF(OR(A305="",D305="",F305="",G305="",H305="",I305="",L305=""),"Revisar","OK")) -> OK
B306: =IF(A306="","",CHOOSE(MONTH(A306),"Enero","Febrero","Marzo","Abril","Mayo","Junio","Julio","Agosto","Septiembre","Octubre","Noviembre","Diciembre")) | C306: =IF(A306="","",YEAR(A306)) | M306: =IF(A306="","",IF(D306="Ingreso",L306,IF(D306="Ahorro",-L306,IF(D306="Transferencia",0,-L306)))) | O306: =IF(COUNTA(A306:N306)=0,"",IF(OR(A306="",D306="",F306="",G306="",H306="",I306="",L306=""),"Revisar","OK")) -> Revisar
B307: =IF(A307="","",CHOOSE(MONTH(A307),"Enero","Febrero","Marzo","Abril","Mayo","Junio","Julio","Agosto","Septiembre","Octubre","Noviembre","Diciembre")) | C307: =IF(A307="","",YEAR(A307)) | M307: =IF(A307="","",IF(D307="Ingreso",L307,IF(D307="Ahorro",-L307,IF(D307="Transferencia",0,-L307)))) | O307: =IF(COUNTA(A307:N307)=0,"",IF(OR(A307="",D307="",F307="",G307="",H307="",I307="",L307=""),"Revisar","OK")) -> Revisar
B308: =IF(A308="","",CHOOSE(MONTH(A308),"Enero","Febrero","Marzo","Abril","Mayo","Junio","Julio","Agosto","Septiembre","Octubre","Noviembre","Diciembre")) | C308: =IF(A308="","",YEAR(A308)) | M308: =IF(A308="","",IF(D308="Ingreso",L308,IF(D308="Ahorro",-L308,IF(D308="Transferencia",0,-L308)))) | O308: =IF(COUNTA(A308:N308)=0,"",IF(OR(A308="",D308="",F308="",G308="",H308="",I308="",L308=""),"Revisar","OK")) -> Revisar
B309: =IF(A309="","",CHOOSE(MONTH(A309),"Enero","Febrero","Marzo","Abril","Mayo","Junio","Julio","Agosto","Septiembre","Octubre","Noviembre","Diciembre")) | C309: =IF(A309="","",YEAR(A309)) | M309: =IF(A309="","",IF(D309="Ingreso",L309,IF(D309="Ahorro",-L309,IF(D309="Transferencia",0,-L309)))) | O309: =IF(COUNTA(A309:N309)=0,"",IF(OR(A309="",D309="",F309="",G309="",H309="",I309="",L309=""),"Revisar","OK")) -> Revisar
B310: =IF(A310="","",CHOOSE(MONTH(A310),"Enero","Febrero","Marzo","Abril","Mayo","Junio","Julio","Agosto","Septiembre","Octubre","Noviembre","Diciembre")) | C310: =IF(A310="","",YEAR(A310)) | M310: =IF(A310="","",IF(D310="Ingreso",L310,IF(D310="Ahorro",-L310,IF(D310="Transferencia",0,-L310)))) | O310: =IF(COUNTA(A310:N310)=0,"",IF(OR(A310="",D310="",F310="",G310="",H310="",I310="",L310=""),"Revisar","OK")) -> Revisar
B311: =IF(A311="","",CHOOSE(MONTH(A311),"Enero","Febrero","Marzo","Abril","Mayo","Junio","Julio","Agosto","Septiembre","Octubre","Noviembre","Diciembre")) | C311: =IF(A311="","",YEAR(A311)) | M311: =IF(A311="","",IF(D311="Ingreso",L311,IF(D311="Ahorro",-L311,IF(D311="Transferencia",0,-L311)))) | O311: =IF(COUNTA(A311:N311)=0,"",IF(OR(A311="",D311="",F311="",G311="",H311="",I311="",L311=""),"Revisar","OK")) -> Revisar
B312: =IF(A312="","",CHOOSE(MONTH(A312),"Enero","Febrero","Marzo","Abril","Mayo","Junio","Julio","Agosto","Septiembre","Octubre","Noviembre","Diciembre")) | C312: =IF(A312="","",YEAR(A312)) | M312: =IF(A312="","",IF(D312="Ingreso",L312,IF(D312="Ahorro",-L312,IF(D312="Transferencia",0,-L312)))) | O312: =IF(COUNTA(A312:N312)=0,"",IF(OR(A312="",D312="",F312="",G312="",H312="",I312="",L312=""),"Revisar","OK")) -> Revisar
B313: =IF(A313="","",CHOOSE(MONTH(A313),"Enero","Febrero","Marzo","Abril","Mayo","Junio","Julio","Agosto","Septiembre","Octubre","Noviembre","Diciembre")) | C313: =IF(A313="","",YEAR(A313)) | M313: =IF(A313="","",IF(D313="Ingreso",L313,IF(D313="Ahorro",-L313,IF(D313="Transferencia",0,-L313)))) | O313: =IF(COUNTA(A313:N313)=0,"",IF(OR(A313="",D313="",F313="",G313="",H313="",I313="",L313=""),"Revisar","OK")) -> Revisar
B314: =IF(A314="","",CHOOSE(MONTH(A314),"Enero","Febrero","Marzo","Abril","Mayo","Junio","Julio","Agosto","Septiembre","Octubre","Noviembre","Diciembre")) | C314: =IF(A314="","",YEAR(A314)) | M314: =IF(A314="","",IF(D314="Ingreso",L314,IF(D314="Ahorro",-L314,IF(D314="Transferencia",0,-L314)))) | O314: =IF(COUNTA(A314:N314)=0,"",IF(OR(A314="",D314="",F314="",G314="",H314="",I314="",L314=""),"Revisar","OK")) -> Revisar
B315: =IF(A315="","",CHOOSE(MONTH(A315),"Enero","Febrero","Marzo","Abril","Mayo","Junio","Julio","Agosto","Septiembre","Octubre","Noviembre","Diciembre")) | C315: =IF(A315="","",YEAR(A315)) | M315: =IF(A315="","",IF(D315="Ingreso",L315,IF(D315="Ahorro",-L315,IF(D315="Transferencia",0,-L315)))) | O315: =IF(COUNTA(A315:N315)=0,"",IF(OR(A315="",D315="",F315="",G315="",H315="",I315="",L315=""),"Revisar","OK")) -> Revisar
B316: =IF(A316="","",CHOOSE(MONTH(A316),"Enero","Febrero","Marzo","Abril","Mayo","Junio","Julio","Agosto","Septiembre","Octubre","Noviembre","Diciembre")) | C316: =IF(A316="","",YEAR(A316)) | M316: =IF(A316="","",IF(D316="Ingreso",L316,IF(D316="Ahorro",-L316,IF(D316="Transferencia",0,-L316)))) | O316: =IF(COUNTA(A316:N316)=0,"",IF(OR(A316="",D316="",F316="",G316="",H316="",I316="",L316=""),"Revisar","OK")) -> Revisar
B317: =IF(A317="","",CHOOSE(MONTH(A317),"Enero","Febrero","Marzo","Abril","Mayo","Junio","Julio","Agosto","Septiembre","Octubre","Noviembre","Diciembre")) | C317: =IF(A317="","",YEAR(A317)) | M317: =IF(A317="","",IF(D317="Ingreso",L317,IF(D317="Ahorro",-L317,IF(D317="Transferencia",0,-L317)))) | O317: =IF(COUNTA(A317:N317)=0,"",IF(OR(A317="",D317="",F317="",G317="",H317="",I317="",L317=""),"Revisar","OK")) -> Revisar
... B400: =IF(A400="","",CHOOSE(MONTH(A400),"Enero","Febrero","Marzo","Abril","Mayo","Junio","Julio","Agosto","Septiembre","Octubre","Noviembre","Diciembre")) | C400: =IF(A400="","",YEAR(A400)) | M400: =IF(A400="","",IF(D400="Ingreso",L400,IF(D400="Ahorro",-L400,IF(D400="Transferencia",0,-L400)))) | O400: =IF(COUNTA(A400:N400)=0,"",IF(OR(A400="",D400="",F400="",G400="",H400="",I400="",L400=""),"Revisar","OK")) -> Revisar

Sheet Presupuesto
A1: Presupuesto mensual vs. realidad
A2: Puedes cambiar importes presupuestados o añadir nuevas líneas con tus propias subcategorías.
A7: Periodo | B7: Subcategoría | C7: Categoría | D7: Grupo 50/30/20 | E7: Presupuesto | F7: Real | G7: Desviación | H7: Cumplimiento | I7: Estado
A8: 45658 | B8: Nómina principal | C8: Ingresos fijos | D8: Ingresos | E8: 2450 | F8: =IF(A8="","",SUMIFS(Movimientos!$L$9:$L$400,Movimientos!$A$9:$A$400,">="&$A8,Movimientos!$A$9:$A$400,"<"&EDATE($A8,1),Movimientos!$F$9:$F$400,$B8,Movimientos!$G$9:$G$400,$C8,Movimientos!$D$9:$D$400,IF($D8="Ingresos","Ingreso",IF($D8="Ahorro","Ahorro","Gasto")))) -> 2436.35 | G8: =IF(E8="","",F8-E8) -> -13.65 | H8: =IF(E8=0,"",F8/E8) -> 0.99442857 | I8: =IF(E8="","",IF($D8="Ingresos",IF(H8>=1,"Bien",IF(H8>=0.95,"Casi","Bajo")),IF($D8="Ahorro",IF(H8>=1,"Bien",IF(H8>=0.9,"Casi","Bajo")),IF(H8<=1,"Bien",IF(H8<=1.1,"Vigilar","Exceso"))))) -> Casi
A9: 45658 | B9: Ingreso puntual | C9: Ingresos extra | D9: Ingresos | E9: 0 | F9: =IF(A9="","",SUMIFS(Movimientos!$L$9:$L$400,Movimientos!$A$9:$A$400,">="&$A9,Movimientos!$A$9:$A$400,"<"&EDATE($A9,1),Movimientos!$F$9:$F$400,$B9,Movimientos!$G$9:$G$400,$C9,Movimientos!$D$9:$D$400,IF($D9="Ingresos","Ingreso",IF($D9="Ahorro","Ahorro","Gasto")))) -> 0 | G9: =IF(E9="","",F9-E9) -> 0 | H9: =IF(E9=0,"",F9/E9) | I9: =IF(E9="","",IF($D9="Ingresos",IF(H9>=1,"Bien",IF(H9>=0.95,"Casi","Bajo")),IF($D9="Ahorro",IF(H9>=1,"Bien",IF(H9>=0.9,"Casi","Bajo")),IF(H9<=1,"Bien",IF(H9<=1.1,"Vigilar","Exceso"))))) -> Bien
A10: 45658 | B10: Alquiler | C10: Vivienda | D10: Necesidades | E10: 980 | F10: =IF(A10="","",SUMIFS(Movimientos!$L$9:$L$400,Movimientos!$A$9:$A$400,">="&$A10,Movimientos!$A$9:$A$400,"<"&EDATE($A10,1),Movimientos!$F$9:$F$400,$B10,Movimientos!$G$9:$G$400,$C10,Movimientos!$D$9:$D$400,IF($D10="Ingresos","Ingreso",IF($D10="Ahorro","Ahorro","Gasto")))) -> 980 | G10: =IF(E10="","",F10-E10) -> 0 | H10: =IF(E10=0,"",F10/E10) -> 1 | I10: =IF(E10="","",IF($D10="Ingresos",IF(H10>=1,"Bien",IF(H10>=0.95,"Casi","Bajo")),IF($D10="Ahorro",IF(H10>=1,"Bien",IF(H10>=0.9,"Casi","Bajo")),IF(H10<=1,"Bien",IF(H10<=1.1,"Vigilar","Exceso"))))) -> Bien
A11: 45658 | B11: Electricidad | C11: Vivienda | D11: Necesidades | E11: 38 | F11: =IF(A11="","",SUMIFS(Movimientos!$L$9:$L$400,Movimientos!$A$9:$A$400,">="&$A11,Movimientos!$A$9:$A$400,"<"&EDATE($A11,1),Movimientos!$F$9:$F$400,$B11,Movimientos!$G$9:$G$400,$C11,Movimientos!$D$9:$D$400,IF($D11="Ingresos","Ingreso",IF($D11="Ahorro","Ahorro","Gasto")))) -> 31.5 | G11: =IF(E11="","",F11-E11) -> -6.5 | H11: =IF(E11=0,"",F11/E11) -> 0.82894737 | I11: =IF(E11="","",IF($D11="Ingresos",IF(H11>=1,"Bien",IF(H11>=0.95,"Casi","Bajo")),IF($D11="Ahorro",IF(H11>=1,"Bien",IF(H11>=0.9,"Casi","Bajo")),IF(H11<=1,"Bien",IF(H11<=1.1,"Vigilar","Exceso"))))) -> Bien
A12: 45658 | B12: Agua | C12: Vivienda | D12: Necesidades | E12: 22 | F12: =IF(A12="","",SUMIFS(Movimientos!$L$9:$L$400,Movimientos!$A$9:$A$400,">="&$A12,Movimientos!$A$9:$A$400,"<"&EDATE($A12,1),Movimientos!$F$9:$F$400,$B12,Movimientos!$G$9:$G$400,$C12,Movimientos!$D$9:$D$400,IF($D12="Ingresos","Ingreso",IF($D12="Ahorro","Ahorro","Gasto")))) -> 20.61 | G12: =IF(E12="","",F12-E12) -> -1.39 | H12: =IF(E12=0,"",F12/E12) -> 0.93681818 | I12: =IF(E12="","",IF($D12="Ingresos",IF(H12>=1,"Bien",IF(H12>=0.95,"Casi","Bajo")),IF($D12="Ahorro",IF(H12>=1,"Bien",IF(H12>=0.9,"Casi","Bajo")),IF(H12<=1,"Bien",IF(H12<=1.1,"Vigilar","Exceso"))))) -> Bien
A13: 45658 | B13: Internet hogar | C13: Vivienda | D13: Necesidades | E13: 35 | F13: =IF(A13="","",SUMIFS(Movimientos!$L$9:$L$400,Movimientos!$A$9:$A$400,">="&$A13,Movimientos!$A$9:$A$400,"<"&EDATE($A13,1),Movimientos!$F$9:$F$400,$B13,Movimientos!$G$9:$G$400,$C13,Movimientos!$D$9:$D$400,IF($D13="Ingresos","Ingreso",IF($D13="Ahorro","Ahorro","Gasto")))) -> 35 | G13: =IF(E13="","",F13-E13) -> 0 | H13: =IF(E13=0,"",F13/E13) -> 1 | I13: =IF(E13="","",IF($D13="Ingresos",IF(H13>=1,"Bien",IF(H13>=0.95,"Casi","Bajo")),IF($D13="Ahorro",IF(H13>=1,"Bien",IF(H13>=0.9,"Casi","Bajo")),IF(H13<=1,"Bien",IF(H13<=1.1,"Vigilar","Exceso"))))) -> Bien
A14: 45658 | B14: Suscripciones | C14: Tecnología | D14: Necesidades | E14: 24 | F14: =IF(A14="","",SUMIFS(Movimientos!$L$9:$L$400,Movimientos!$A$9:$A$400,">="&$A14,Movimientos!$A$9:$A$400,"<"&EDATE($A14,1),Movimientos!$F$9:$F$400,$B14,Movimientos!$G$9:$G$400,$C14,Movimientos!$D$9:$D$400,IF($D14="Ingresos","Ingreso",IF($D14="Ahorro","Ahorro","Gasto")))) -> 24 | G14: =IF(E14="","",F14-E14) -> 0 | H14: =IF(E14=0,"",F14/E14) -> 1 | I14: =IF(E14="","",IF($D14="Ingresos",IF(H14>=1,"Bien",IF(H14>=0.95,"Casi","Bajo")),IF($D14="Ahorro",IF(H14>=1,"Bien",IF(H14>=0.9,"Casi","Bajo")),IF(H14<=1,"Bien",IF(H14<=1.1,"Vigilar","Exceso"))))) -> Bien
A15: 45658 | B15: Supermercado | C15: Alimentación | D15: Necesidades | E15: 330 | F15: =IF(A15="","",SUMIFS(Movimientos!$L$9:$L$400,Movimientos!$A$9:$A$400,">="&$A15,Movimientos!$A$9:$A$400,"<"&EDATE($A15,1),Movimientos!$F$9:$F$400,$B15,Movimientos!$G$9:$G$400,$C15,Movimientos!$D$9:$D$400,IF($D15="Ingresos","Ingreso",IF($D15="Ahorro","Ahorro","Gasto")))) -> 351.8 | G15: =IF(E15="","",F15-E15) -> 21.8 | H15: =IF(E15=0,"",F15/E15) -> 1.0660606 | I15: =IF(E15="","",IF($D15="Ingresos",IF(H15>=1,"Bien",IF(H15>=0.95,"Casi","Bajo")),IF($D15="Ahorro",IF(H15>=1,"Bien",IF(H15>=0.9,"Casi","Bajo")),IF(H15<=1,"Bien",IF(H15<=1.1,"Vigilar","Exceso"))))) -> Vigilar
A16: 45658 | B16: Mercado local | C16: Alimentación | D16: Necesidades | E16: 85 | F16: =IF(A16="","",SUMIFS(Movimientos!$L$9:$L$400,Movimientos!$A$9:$A$400,">="&$A16,Movimientos!$A$9:$A$400,"<"&EDATE($A16,1),Movimientos!$F$9:$F$400,$B16,Movimientos!$G$9:$G$400,$C16,Movimientos!$D$9:$D$400,IF($D16="Ingresos","Ingreso",IF($D16="Ahorro","Ahorro","Gasto")))) -> 62.53 | G16: =IF(E16="","",F16-E16) -> -22.47 | H16: =IF(E16=0,"",F16/E16) -> 0.73564706 | I16: =IF(E16="","",IF($D16="Ingresos",IF(H16>=1,"Bien",IF(H16>=0.95,"Casi","Bajo")),IF($D16="Ahorro",IF(H16>=1,"Bien",IF(H16>=0.9,"Casi","Bajo")),IF(H16<=1,"Bien",IF(H16<=1.1,"Vigilar","Exceso"))))) -> Bien
A17: 45658 | B17: Transporte público | C17: Movilidad | D17: Necesidades | E17: 42 | F17: =IF(A17="","",SUMIFS(Movimientos!$L$9:$L$400,Movimientos!$A$9:$A$400,">="&$A17,Movimientos!$A$9:$A$400,"<"&EDATE($A17,1),Movimientos!$F$9:$F$400,$B17,Movimientos!$G$9:$G$400,$C17,Movimientos!$D$9:$D$400,IF($D17="Ingresos","Ingreso",IF($D17="Ahorro","Ahorro","Gasto")))) -> 34.28 | G17: =IF(E17="","",F17-E17) -> -7.72 | H17: =IF(E17=0,"",F17/E17) -> 0.81619048 | I17: =IF(E17="","",IF($D17="Ingresos",IF(H17>=1,"Bien",IF(H17>=0.95,"Casi","Bajo")),IF($D17="Ahorro",IF(H17>=1,"Bien",IF(H17>=0.9,"Casi","Bajo")),IF(H17<=1,"Bien",IF(H17<=1.1,"Vigilar","Exceso"))))) -> Bien
A18: 45658 | B18: Bicicleta / taller | C18: Movilidad | D18: Necesidades | E18: 12 | F18: =IF(A18="","",SUMIFS(Movimientos!$L$9:$L$400,Movimientos!$A$9:$A$400,">="&$A18,Movimientos!$A$9:$A$400,"<"&EDATE($A18,1),Movimientos!$F$9:$F$400,$B18,Movimientos!$G$9:$G$400,$C18,Movimientos!$D$9:$D$400,IF($D18="Ingresos","Ingreso",IF($D18="Ahorro","Ahorro","Gasto")))) -> 0 | G18: =IF(E18="","",F18-E18) -> -12 | H18: =IF(E18=0,"",F18/E18) -> 0 | I18: =IF(E18="","",IF($D18="Ingresos",IF(H18>=1,"Bien",IF(H18>=0.95,"Casi","Bajo")),IF($D18="Ahorro",IF(H18>=1,"Bien",IF(H18>=0.9,"Casi","Bajo")),IF(H18<=1,"Bien",IF(H18<=1.1,"Vigilar","Exceso"))))) -> Bien
A19: 45658 | B19: Farmacia | C19: Salud y cuidado | D19: Necesidades | E19: 18 | F19: =IF(A19="","",SUMIFS(Movimientos!$L$9:$L$400,Movimientos!$A$9:$A$400,">="&$A19,Movimientos!$A$9:$A$400,"<"&EDATE($A19,1),Movimientos!$F$9:$F$400,$B19,Movimientos!$G$9:$G$400,$C19,Movimientos!$D$9:$D$400,IF($D19="Ingresos","Ingreso",IF($D19="Ahorro","Ahorro","Gasto")))) -> 20.97 | G19: =IF(E19="","",F19-E19) -> 2.97 | H19: =IF(E19=0,"",F19/E19) -> 1.165 | I19: =IF(E19="","",IF($D19="Ingresos",IF(H19>=1,"Bien",IF(H19>=0.95,"Casi","Bajo")),IF($D19="Ahorro",IF(H19>=1,"Bien",IF(H19>=0.9,"Casi","Bajo")),IF(H19<=1,"Bien",IF(H19<=1.1,"Vigilar","Exceso"))))) -> Exceso
... A223: 45992 | B223: Viaje anual | C223: Ahorro planificado | D223: Ahorro | E223: 60 | F223: =IF(A223="","",SUMIFS(Movimientos!$L$9:$L$400,Movimientos!$A$9:$A$400,">="&$A223,Movimientos!$A$9:$A$400,"<"&EDATE($A223,1),Movimientos!$F$9:$F$400,$B223,Movimientos!$G$9:$G$400,$C223,Movimientos!$D$9:$D$400,IF($D223="Ingresos","Ingreso",IF($D223="Ahorro","Ahorro","Gasto")))) -> 70.32 | G223: =IF(E223="","",F223-E223) -> 10.32 | H223: =IF(E223=0,"",F223/E223) -> 1.172 | I223: =IF(E223="","",IF($D223="Ingresos",IF(H223>=1,"Bien",IF(H223>=0.95,"Casi","Bajo")),IF($D223="Ahorro",IF(H223>=1,"Bien",IF(H223>=0.9,"Casi","Bajo")),IF(H223<=1,"Bien",IF(H223<=1.1,"Vigilar","Exceso"))))) -> Bien
F224: =IF(A224="","",SUMIFS(Movimientos!$L$9:$L$400,Movimientos!$A$9:$A$400,">="&$A224,Movimientos!$A$9:$A$400,"<"&EDATE($A224,1),Movimientos!$F$9:$F$400,$B224,Movimientos!$G$9:$G$400,$C224,Movimientos!$D$9:$D$400,IF($D224="Ingresos","Ingreso",IF($D224="Ahorro","Ahorro","Gasto")))) | G224: =IF(E224="","",F224-E224) | H224: =IF(E224=0,"",F224/E224) | I224: =IF(E224="","",IF($D224="Ingresos",IF(H224>=1,"Bien",IF(H224>=0.95,"Casi","Bajo")),IF($D224="Ahorro",IF(H224>=1,"Bien",IF(H224>=0.9,"Casi","Bajo")),IF(H224<=1,"Bien",IF(H224<=1.1,"Vigilar","Exceso")))))
F225: =IF(A225="","",SUMIFS(Movimientos!$L$9:$L$400,Movimientos!$A$9:$A$400,">="&$A225,Movimientos!$A$9:$A$400,"<"&EDATE($A225,1),Movimientos!$F$9:$F$400,$B225,Movimientos!$G$9:$G$400,$C225,Movimientos!$D$9:$D$400,IF($D225="Ingresos","Ingreso",IF($D225="Ahorro","Ahorro","Gasto")))) | G225: =IF(E225="","",F225-E225) | H225: =IF(E225=0,"",F225/E225) | I225: =IF(E225="","",IF($D225="Ingresos",IF(H225>=1,"Bien",IF(H225>=0.95,"Casi","Bajo")),IF($D225="Ahorro",IF(H225>=1,"Bien",IF(H225>=0.9,"Casi","Bajo")),IF(H225<=1,"Bien",IF(H225<=1.1,"Vigilar","Exceso")))))
F226: =IF(A226="","",SUMIFS(Movimientos!$L$9:$L$400,Movimientos!$A$9:$A$400,">="&$A226,Movimientos!$A$9:$A$400,"<"&EDATE($A226,1),Movimientos!$F$9:$F$400,$B226,Movimientos!$G$9:$G$400,$C226,Movimientos!$D$9:$D$400,IF($D226="Ingresos","Ingreso",IF($D226="Ahorro","Ahorro","Gasto")))) | G226: =IF(E226="","",F226-E226) | H226: =IF(E226=0,"",F226/E226) | I226: =IF(E226="","",IF($D226="Ingresos",IF(H226>=1,"Bien",IF(H226>=0.95,"Casi","Bajo")),IF($D226="Ahorro",IF(H226>=1,"Bien",IF(H226>=0.9,"Casi","Bajo")),IF(H226<=1,"Bien",IF(H226<=1.1,"Vigilar","Exceso")))))
F227: =IF(A227="","",SUMIFS(Movimientos!$L$9:$L$400,Movimientos!$A$9:$A$400,">="&$A227,Movimientos!$A$9:$A$400,"<"&EDATE($A227,1),Movimientos!$F$9:$F$400,$B227,Movimientos!$G$9:$G$400,$C227,Movimientos!$D$9:$D$400,IF($D227="Ingresos","Ingreso",IF($D227="Ahorro","Ahorro","Gasto")))) | G227: =IF(E227="","",F227-E227) | H227: =IF(E227=0,"",F227/E227) | I227: =IF(E227="","",IF($D227="Ingresos",IF(H227>=1,"Bien",IF(H227>=0.95,"Casi","Bajo")),IF($D227="Ahorro",IF(H227>=1,"Bien",IF(H227>=0.9,"Casi","Bajo")),IF(H227<=1,"Bien",IF(H227<=1.1,"Vigilar","Exceso")))))
F228: =IF(A228="","",SUMIFS(Movimientos!$L$9:$L$400,Movimientos!$A$9:$A$400,">="&$A228,Movimientos!$A$9:$A$400,"<"&EDATE($A228,1),Movimientos!$F$9:$F$400,$B228,Movimientos!$G$9:$G$400,$C228,Movimientos!$D$9:$D$400,IF($D228="Ingresos","Ingreso",IF($D228="Ahorro","Ahorro","Gasto")))) | G228: =IF(E228="","",F228-E228) | H228: =IF(E228=0,"",F228/E228) | I228: =IF(E228="","",IF($D228="Ingresos",IF(H228>=1,"Bien",IF(H228>=0.95,"Casi","Bajo")),IF($D228="Ahorro",IF(H228>=1,"Bien",IF(H228>=0.9,"Casi","Bajo")),IF(H228<=1,"Bien",IF(H228<=1.1,"Vigilar","Exceso")))))
F229: =IF(A229="","",SUMIFS(Movimientos!$L$9:$L$400,Movimientos!$A$9:$A$400,">="&$A229,Movimientos!$A$9:$A$400,"<"&EDATE($A229,1),Movimientos!$F$9:$F$400,$B229,Movimientos!$G$9:$G$400,$C229,Movimientos!$D$9:$D$400,IF($D229="Ingresos","Ingreso",IF($D229="Ahorro","Ahorro","Gasto")))) | G229: =IF(E229="","",F229-E229) | H229: =IF(E229=0,"",F229/E229) | I229: =IF(E229="","",IF($D229="Ingresos",IF(H229>=1,"Bien",IF(H229>=0.95,"Casi","Bajo")),IF($D229="Ahorro",IF(H229>=1,"Bien",IF(H229>=0.9,"Casi","Bajo")),IF(H229<=1,"Bien",IF(H229<=1.1,"Vigilar","Exceso")))))
F230: =IF(A230="","",SUMIFS(Movimientos!$L$9:$L$400,Movimientos!$A$9:$A$400,">="&$A230,Movimientos!$A$9:$A$400,"<"&EDATE($A230,1),Movimientos!$F$9:$F$400,$B230,Movimientos!$G$9:$G$400,$C230,Movimientos!$D$9:$D$400,IF($D230="Ingresos","Ingreso",IF($D230="Ahorro","Ahorro","Gasto")))) | G230: =IF(E230="","",F230-E230) | H230: =IF(E230=0,"",F230/E230) | I230: =IF(E230="","",IF($D230="Ingresos",IF(H230>=1,"Bien",IF(H230>=0.95,"Casi","Bajo")),IF($D230="Ahorro",IF(H230>=1,"Bien",IF(H230>=0.9,"Casi","Bajo")),IF(H230<=1,"Bien",IF(H230<=1.1,"Vigilar","Exceso")))))
F231: =IF(A231="","",SUMIFS(Movimientos!$L$9:$L$400,Movimientos!$A$9:$A$400,">="&$A231,Movimientos!$A$9:$A$400,"<"&EDATE($A231,1),Movimientos!$F$9:$F$400,$B231,Movimientos!$G$9:$G$400,$C231,Movimientos!$D$9:$D$400,IF($D231="Ingresos","Ingreso",IF($D231="Ahorro","Ahorro","Gasto")))) | G231: =IF(E231="","",F231-E231) | H231: =IF(E231=0,"",F231/E231) | I231: =IF(E231="","",IF($D231="Ingresos",IF(H231>=1,"Bien",IF(H231>=0.95,"Casi","Bajo")),IF($D231="Ahorro",IF(H231>=1,"Bien",IF(H231>=0.9,"Casi","Bajo")),IF(H231<=1,"Bien",IF(H231<=1.1,"Vigilar","Exceso")))))
F232: =IF(A232="","",SUMIFS(Movimientos!$L$9:$L$400,Movimientos!$A$9:$A$400,">="&$A232,Movimientos!$A$9:$A$400,"<"&EDATE($A232,1),Movimientos!$F$9:$F$400,$B232,Movimientos!$G$9:$G$400,$C232,Movimientos!$D$9:$D$400,IF($D232="Ingresos","Ingreso",IF($D232="Ahorro","Ahorro","Gasto")))) | G232: =IF(E232="","",F232-E232) | H232: =IF(E232=0,"",F232/E232) | I232: =IF(E232="","",IF($D232="Ingresos",IF(H232>=1,"Bien",IF(H232>=0.95,"Casi","Bajo")),IF($D232="Ahorro",IF(H232>=1,"Bien",IF(H232>=0.9,"Casi","Bajo")),IF(H232<=1,"Bien",IF(H232<=1.1,"Vigilar","Exceso")))))
F233: =IF(A233="","",SUMIFS(Movimientos!$L$9:$L$400,Movimientos!$A$9:$A$400,">="&$A233,Movimientos!$A$9:$A$400,"<"&EDATE($A233,1),Movimientos!$F$9:$F$400,$B233,Movimientos!$G$9:$G$400,$C233,Movimientos!$D$9:$D$400,IF($D233="Ingresos","Ingreso",IF($D233="Ahorro","Ahorro","Gasto")))) | G233: =IF(E233="","",F233-E233) | H233: =IF(E233=0,"",F233/E233) | I233: =IF(E233="","",IF($D233="Ingresos",IF(H233>=1,"Bien",IF(H233>=0.95,"Casi","Bajo")),IF($D233="Ahorro",IF(H233>=1,"Bien",IF(H233>=0.9,"Casi","Bajo")),IF(H233<=1,"Bien",IF(H233<=1.1,"Vigilar","Exceso")))))
F234: =IF(A234="","",SUMIFS(Movimientos!$L$9:$L$400,Movimientos!$A$9:$A$400,">="&$A234,Movimientos!$A$9:$A$400,"<"&EDATE($A234,1),Movimientos!$F$9:$F$400,$B234,Movimientos!$G$9:$G$400,$C234,Movimientos!$D$9:$D$400,IF($D234="Ingresos","Ingreso",IF($D234="Ahorro","Ahorro","Gasto")))) | G234: =IF(E234="","",F234-E234) | H234: =IF(E234=0,"",F234/E234) | I234: =IF(E234="","",IF($D234="Ingresos",IF(H234>=1,"Bien",IF(H234>=0.95,"Casi","Bajo")),IF($D234="Ahorro",IF(H234>=1,"Bien",IF(H234>=0.9,"Casi","Bajo")),IF(H234<=1,"Bien",IF(H234<=1.1,"Vigilar","Exceso")))))
F235: =IF(A235="","",SUMIFS(Movimientos!$L$9:$L$400,Movimientos!$A$9:$A$400,">="&$A235,Movimientos!$A$9:$A$400,"<"&EDATE($A235,1),Movimientos!$F$9:$F$400,$B235,Movimientos!$G$9:$G$400,$C235,Movimientos!$D$9:$D$400,IF($D235="Ingresos","Ingreso",IF($D235="Ahorro","Ahorro","Gasto")))) | G235: =IF(E235="","",F235-E235) | H235: =IF(E235=0,"",F235/E235) | I235: =IF(E235="","",IF($D235="Ingresos",IF(H235>=1,"Bien",IF(H235>=0.95,"Casi","Bajo")),IF($D235="Ahorro",IF(H235>=1,"Bien",IF(H235>=0.9,"Casi","Bajo")),IF(H235<=1,"Bien",IF(H235<=1.1,"Vigilar","Exceso")))))
... F262: =IF(A262="","",SUMIFS(Movimientos!$L$9:$L$400,Movimientos!$A$9:$A$400,">="&$A262,Movimientos!$A$9:$A$400,"<"&EDATE($A262,1),Movimientos!$F$9:$F$400,$B262,Movimientos!$G$9:$G$400,$C262,Movimientos!$D$9:$D$400,IF($D262="Ingresos","Ingreso",IF($D262="Ahorro","Ahorro","Gasto")))) | G262: =IF(E262="","",F262-E262) | H262: =IF(E262=0,"",F262/E262) | I262: =IF(E262="","",IF($D262="Ingresos",IF(H262>=1,"Bien",IF(H262>=0.95,"Casi","Bajo")),IF($D262="Ahorro",IF(H262>=1,"Bien",IF(H262>=0.9,"Casi","Bajo")),IF(H262<=1,"Bien",IF(H262<=1.1,"Vigilar","Exceso")))))

Sheet Listas
A1: Mes | B1: Nombre del mes | D1: Tipo | F1: Grupo 50/30/20 | H1: Naturaleza | J1: Cuenta | L1: Medio de pago | N1: Subcategoría | P1: Categoría | R1: Año | T1: Mapa editable
A2: 1 | B2: Enero | D2: Ingreso | F2: Ingresos | H2: Fijo | J2: Cuenta nómina | L2: Transferencia | N2: Nómina principal | P2: Ingresos fijos | R2: 2025 | T2: Subcategoría | U2: Categoría | V2: Grupo | W2: Naturaleza
A3: 2 | B3: Febrero | D3: Gasto | F3: Necesidades | H3: Variable | J3: Cuenta hogar | L3: Domiciliado | N3: Ingreso puntual | P3: Ingresos extra | R3: 2026 | T3: Nómina principal | U3: Ingresos fijos | V3: Ingresos | W3: Fijo
A4: 3 | B4: Marzo | D4: Ahorro | F4: Deseos | J4: Tarjeta débito | L4: Tarjeta | N4: Alquiler | P4: Vivienda | R4: 2027 | T4: Ingreso puntual | U4: Ingresos extra | V4: Ingresos | W4: Variable
A5: 4 | B5: Abril | D5: Transferencia | F5: Ahorro | J5: Tarjeta transporte | L5: Bizum | N5: Electricidad | P5: Tecnología | T5: Alquiler | U5: Vivienda | V5: Necesidades | W5: Fijo
A6: 5 | B6: Mayo | J6: Cuenta ahorro | L6: Efectivo | N6: Agua | P6: Alimentación | T6: Electricidad | U6: Vivienda | V6: Necesidades | W6: Fijo
A7: 6 | B7: Junio | N7: Internet hogar | P7: Movilidad | T7: Agua | U7: Vivienda | V7: Necesidades | W7: Fijo
A8: 7 | B8: Julio | N8: Suscripciones | P8: Salud y cuidado | T8: Internet hogar | U8: Vivienda | V8: Necesidades | W8: Fijo
A9: 8 | B9: Agosto | N9: Supermercado | P9: Ocio y cultura | T9: Suscripciones | U9: Tecnología | V9: Necesidades | W9: Fijo
A10: 9 | B10: Septiembre | N10: Mercado local | P10: Desarrollo personal | T10: Supermercado | U10: Alimentación | V10: Necesidades | W10: Variable
A11: 10 | B11: Octubre | N11: Transporte público | P11: Ahorro planificado | T11: Mercado local | U11: Alimentación | V11: Necesidades | W11: Variable
A12: 11 | B12: Noviembre | N12: Bicicleta / taller | T12: Transporte público | U12: Movilidad | V12: Necesidades | W12: Variable
A13: 12 | B13: Diciembre | N13: Farmacia | T13: Bicicleta / taller | U13: Movilidad | V13: Necesidades | W13: Variable
N14: Seguro salud | T14: Farmacia | U14: Salud y cuidado | V14: Necesidades | W14: Variable
N15: Cafetería | T15: Seguro salud | U15: Salud y cuidado | V15: Necesidades | W15: Fijo
N16: Cine o eventos | T16: Cafetería | U16: Ocio y cultura | V16: Deseos | W16: Variable
N17: Libros y cursos | T17: Cine o eventos | U17: Ocio y cultura | V17: Deseos | W17: Variable
N18: Fondo de emergencia | T18: Libros y cursos | U18: Desarrollo personal | V18: Deseos | W18: Variable
N19: Viaje anual | T19: Fondo de emergencia | U19: Ahorro planificado | V19: Ahorro | W19: Fijo
T20: Viaje anual | U20: Ahorro planificado | V20: Ahorro | W20: Variable
